 Dungeon Crawl Stone Soup version 0.31-a0-934-gf4fcaacff8 (webtiles) character file.

Game seed: 7588539163457967639

1857673 EnegeticOcto the Ripper (level 23, 154/154 HPs)
             Began as a Felid Chaos Knight on Oct 20, 2023.
             Was a Favourite Plaything of Xom.
             Escaped with the Orb
             ... and 3 runes on Oct 22, 2023!
             The game lasted 02:57:04 (51298 turns).

EnegeticOcto the Ripper (Felid Chaos Knight)       Turns: 51298, Time: 02:57:04

Health: 154/154    AC:  9    Str: 10      XL:     23   Next: 76%
Magic:  36/36      EV: 50    Int: 18      God:    Xom [*.....]
Gold:   4783       SH:  4    Dex: 29 (30) Spells: 15/34 levels left
                                        Lives:  2   Deaths: 4

rFire   + +          .
                       - Unarmed
rCold   + + +        (shield unavailable)
rNeg    + . .        (body armour unavailable)
rPois   +            (helmet unavailable)
rElec   +            (cloak unavailable)
rCorr   .            (gloves unavailable)
SInv    +            (boots unavailable)
Will    +++++        t - amulet of Vitality {RegenMP++ Regen++}
Stlth   ++           k - ring of Wishful Thinking {rF+ Will+ EV+5 Str-4 SInv}
HPRegen 2.85/turn    W - ring "Rircha" {rElec rC- rN+ Dex+6 Slay+2}
MPRegen 1.05/turn

%: clarity
@: blade hands, quick
A: very small, (claws 1), fangs 3, see invisible, speed 1, shaggy fur 3,
(stealthy paws), no weapons or thrown items, no armour, multi-lived, antennae 2,
iridescent scales 3, large bone plates 1, camouflage 1, agile 1, clarity, clever
1, cold resistance 3, deterioration 1, fire resistance 1, high MP 1,
strong-willed 1, passive freeze, poison resistance, regeneration 1, robust 3,
screaming 1, strong 2, wild magic 2, evolution 1, noise suppression
0: Orb of Zot
}: 3/15 runes: decaying, serpentine, silver
a: Begin Untransformation, Renounce Religion


You escaped.
You worshipped Xom.
You were a special plaything of Xom.
You had blades for front paws.
You visited 9 branches of the dungeon, and saw 47 of its levels.
You visited 1 bazaar.
You also visited: Sewer, Ice Cave and Wizlab.

You collected 7277 gold pieces.
You spent 2494 gold pieces at shops.

Inventory:

Armour
 i - the +2 hat of the Bear Spirit {Spirit, Bear, *Rage Will++}
   (You found it on level 1 of the Realm of Zot)

   Bear:      Going berserk makes the wearer exceptionally tough, and they are
   slowed for a shorter time afterward.
   Will++:    It greatly increases your willpower.
   *Rage:     It berserks you when you make melee attacks (+20% chance).
Jewellery
 k - the ring of Wishful Thinking (left blade hand) {rF+ Will+ EV+5 Str-4 SInv}
   (You found it on level 3 of the Elven Halls)

   [ring of evasion]

   EV+5:      It affects your evasion (+5).
   Str-4:     It affects your strength (-4).
   rF+:       It protects you from fire.
   Will+:     It increases your willpower.
   SInv:      It lets you see invisible.
 t - the amulet of Vitality (around neck) {RegenMP++ Regen++}
   (You found it on level 7 of the Dungeon)

   [amulet of magic regeneration]

   RegenMP:   It increases your rate of magic regeneration.
   Regen++:   It increases your rate of health regeneration.
 w - a ring of protection from fire
   (You found it on level 10 of the Dungeon)
 x - the ring "Yched" {rElec rCorr}
   (Xom gifted it to you on level 10 of the Dungeon)

   [ring of resist corrosion]

   rElec:     It insulates you from electricity.
   rCorr:     It protects you from acid and corrosion.
 y - a +4 ring of protection
   (You took it off an ironbound thunderhulk on level 3 of the Vaults)
 H - the ring "Nuibenoa" {rPois rF+ Will+ rCorr Int-2}
   (You found it on level 4 of the Lair of Beasts)

   [ring of protection from fire]

   Int-2:     It affects your intelligence (-2).
   rF+:       It protects you from fire.
   rPois:     It protects you from poison Will+: It increases your willpower.
   rCorr:     It protects you from acid and corrosion.
 J - a ring of positive energy
   (You found it on level 4 of the Lair of Beasts)
 M - a ring of flight
   (You found it on level 15 of the Dungeon)
 O - a ring of poison resistance
   (You found it on level 5 of the Lair of Beasts)
 S - the ring of Vusu {Will+ Slay+5}
   (You bought it in a shop on level 1 of the Snake Pit)

   [ring of willpower]

   Slay+5:    It affects your accuracy & damage with ranged weapons and melee
   (+5).
   Will+:     It increases your willpower.
 W - the ring "Rircha" (right blade hand) {rElec rC- rN+ Dex+6 Slay+2}
   (You bought it in a shop in a bazaar)

   [ring of positive energy]

   Dex+6:     It affects your dexterity (+6).
   Slay+2:    It affects your accuracy & damage with ranged weapons and melee
   (+2).
   rC-:       It makes you vulnerable to cold.
   rElec:     It insulates you from electricity.
   rN+:       It protects you from negative energy.
 Z - the ring of Yredelemnul's Whim {Wiz rC+}
   (You took it off a deep elf pyromancer on level 3 of the Elven Halls)

   [ring of wizardry]

   Wiz:       It improves your spell success rate.
   rC+:       It protects you from cold.
Talismans
 Q - a blade talisman (active)
   (You found it on level 1 of the Snake Pit)
Wands
 A - a wand of polymorph (2)
   (You took it off a spriggan on level 1 of the Lair of Beasts)
 D - a wand of charming (48)
   (You found it on level 2 of the Lair of Beasts)
 E - a wand of digging (17) {@v3}
   (You found it on level 3 of the Snake Pit)
 I - a wand of iceblast (42) {@v2}
   (You found it on level 4 of the Lair of Beasts)
 K - a wand of flame (76) {@v4}
   (You found it on level 4 of the Swamp)
 X - a wand of mindburst (28)
   (You found it on level 2 of the Depths)
Scrolls
 a - 3 scrolls of butterflies
 b - 9 scrolls of fear {!r}
 d - 8 scrolls of teleportation {@r3 !r}
 e - 2 scrolls of revelation {@r5 !r}
 n - 4 scrolls of fog {!r}
 p - 7 scrolls of poison
 B - a scroll of silence {!r}
 C - 3 scrolls of blinking {@r4}
 F - 5 scrolls of vulnerability
 R - 21 scrolls of identify {@r1}
 T - 2 scrolls of torment
 V - a scroll of immolation
Potions
 c - 5 potions of haste {@q4 !q}
 f - 5 potions of brilliance
 g - 3 potions of cancellation
 h - 6 potions of might {@q3 !q}
 l - 15 potions of curing {@q1 !q}
 m - 4 potions of enlightenment
 o - 2 potions of magic
 q - 7 potions of lignification {@q6}
 r - 7 potions of ambrosia
 s - 9 potions of heal wounds {@q2 !q}
 u - 2 potions of attraction
 v - a potion of invisibility
 z - 2 potions of resistance
 N - 2 potions of berserk rage
 U - 4 potions of mutation
Miscellaneous
 j - a tin of tremorstones (inert)
   (You found it on level 5 of the Vaults)
 G - a phial of floods
   (You found it on level 5 of the Vaults)
 L - a sack of spiders (inert)
   (You found it on level 5 of the Vaults)
 P - a phantom mirror
   (You found it on level 5 of the Lair of Beasts)
 Y - a lightning rod (4/4)
   (You found it on level 12 of the Dungeon)


   Skills:
 - Level 20.8 Fighting
 - Level 20.8 Dodging
 * Level 6.3 Stealth
 - Level 20.8 Unarmed Combat
 - Level 6.0 Spellcasting
 - Level 5.0 Hexes
 - Level 7.0 Summonings
 - Level 8.0 Translocations
 - Level 12.0 Ice Magic
 + Level 17.3 Evocations
 - Level 19.0 Shapeshifting


You had 15 spell levels left.
You knew the following spells:

 Your Spells              Type           Power      Damage    Failure   Level
a - Lesser Beckoning      Tloc           100%       N/A       3%          2
b - Ozocubu's Armour      Ice            67%        N/A       1%          3
c - Call Canine Familiar  Summ           48%        N/A       6%          3
d - Summon Small Mammal   Summ           100%       N/A       3%          1
e - Frozen Ramparts       Ice            100%       1d16      1%          3
p - Passwall              Tmut/Erth      6%         N/A       34%         2
z - Summon Guardian Gole  Hex/Summ       43%        N/A       9%          3
Y - Blink                 Tloc           100%       N/A       3%          2

Your spell library contained the following spells:

 Spells                   Type           Power      Damage    Failure   Level
 Freeze                   Ice            100%       1d10      1%          1
 Ensorcelled Hibernation  Hex/Ice        100%       N/A       2%          2
 Call Imp                 Summ           96%        N/A       4%          2
 Jinxbite                 Hex            74%        N/A       7%          2
 Hailstorm                Conj/Ice       43%        3d10      9%          3
 Momentum Strike          Conj/Tloc      62%        3d9       10%         2
 Manifold Assault         Tloc           53%        N/A       11%         4
 Volatile Blastmotes      Fire/Tloc      62%        2d15      16%         3
 Metabolic Englaciation   Hex/Ice        27%        N/A       21%         5
 Foxfire                  Conj/Fire      32%        2x1d5     24%         1
 Magic Dart               Conj           32%        1d4       24%         1
 Sandblast                Erth           16%        2d6       24%         1
 Cause Fear               Hex            18%        N/A       30%         4
 Summon Forest            Summ/Tloc      25%        N/A       30%         5
 Searing Ray              Conj           16%        2d5       34%         2
 Static Discharge         Conj/Air       16%        2-3/arc   34%         2
 Iskenderun's Mystic Bla  Conj/Tloc      31%        2d8       38%         4
 Summon Lightning Spire   Summ/Air       28%        N/A       45%         4
 Ignite Poison            Fire/Tmut/Pois 8%         N/A       52%         3
 Mephitic Cloud           Conj/Pois/Air  8%         N/A       52%         3
 Stone Arrow              Conj/Erth      16%        3d8       52%         3
 Anguish                  Hex/Necr       11%        N/A       56%         4
 Fulminant Prism          Conj/Hex       11%        3d8       56%         4
 Ozocubu's Refrigeration  Ice            33%        4d14      75%         7
 Airstrike                Air            4%         2d(1-17)  87%         4
 Brom's Barrelling Bould  Conj/Erth      8%         2d3       87%         4
 Flame Wave               Conj/Fire      8%         2d5       87%         4
 Olgreb's Toxic Radiance  Pois           8%         N/A       87%         4
 Yara's Violent Unravell  Hex/Tmut       11%        3d6       87%         5
 Simulacrum               Ice/Necr       21%        N/A       92%         6
 Eringya's Noxious Bog    Tmut/Pois      4%         4d6       100%        6
 Plasma Beam              Fire/Air       4%         2x1d14    100%        6
 Starburst                Conj/Fire      4%         6d3       100%        6
 Enfeeble                 Hex            18%        N/A       100%        7
 Summon Hydra             Summ           24%        N/A       100%        7
 Discord                  Hex            18%        N/A       100%        8
 Ignition                 Fire           4%         3d4       100%        8
 Animate Armour           Summ/Erth      Unusable   N/A       N/A         4

Dungeon Overview and Level Annotations

Branches:
Dungeon (15/15)            Temple (0/1) D:7            Lair (5/5) D:10
  Swamp (4/4) Lair:3        Snake (4/4) Lair:2        Slime (0/5) Lair:4
    Orc (2/2) D:9             Elf (3/3) Orc:2        Vaults (5/5) D:14
  Crypt (0/3) Vaults:3     Depths (4/4) D:15            Zot (5/5) Depths:4
  Sewer (visited)           IceCv (visited)          WizLab (visited)

Altars:
Cheibriados
Dithmenos
Gozag
Kikubaaqudgha
Nemelex Xobeh
Okawaru
Qazlal
Sif Muna
Uskayaw
Vehumet
Wu Jian
Xom
Jiyva

Shops:
D:2 [   Orc:1 (   Orc:2 [[!(   Snake:1 :=!:   Vaults:2 (   Vaults:3 (

Portals:
Hell: Depths:1 Depths:2 Depths:4
Abyss: Depths:2
Pandemonium: Depths:2
Ziggurat: Depths:1

Annotations:
Elf:2 exclusion: 3 doors
Vaults:3 3 runed translucent doors, exclusion: door, Lolleill's ghost, adept DgSh
Depths:1 exclusion: 2 doors
Depths:3 exclusion: orange crystal statue


Innate Abilities, Weirdness & Mutations

You have blades for front paws.
((You have sharp claws.))
You have razor-sharp teeth.
You have supernaturally acute eyesight. (SInv)
You cover ground quickly. (Speed+)
Your thick and shaggy fur keeps you warm. (AC +3, rC+)
((Your paws help you pounce on unaware monsters.))
You are incapable of wielding weapons or throwing items.
You cannot wear armour.
You gain extra lives every three experience levels.
You have a pair of antennae on your head.
You are completely covered in iridescent scales. (AC +6)
You are partially covered in large bone plates. (SH +4)
Your skin changes colour to match your surroundings (Stealth+).
You are agile. (Dex +4, Str/Int -1)
You possess an exceptional clarity of mind.
Your mind is acute. (Int +4, Str/Dex -1)
Your flesh is almost immune to the effects of cold. (rC+++)
Your body sometimes deteriorates upon taking damage.
Your flesh is heat resistant. (rF+)
You have an increased reservoir of magic. (+10% MP)
You are strong-willed. (Will+)
A frigid envelope surrounds you and freezes all who hurt you.
Your system is resistant to poisons. (rPois)
Your natural rate of healing is unusually fast.
You are extremely robust. (+30% HP)
You occasionally shout uncontrollably at your foes.
Your muscles are very strong. (Str +8, Int/Dex -2)
Your spells are harder to cast, but more powerful.
You have hidden genetic potential.
You passively dampen the noise of your surroundings.


Message History

There is a stone staircase leading down here.
There is an open door here.
There is a stone staircase leading up here.
You climb upwards.
There is a stone staircase leading down here.
There is a stone staircase leading up here.
You climb upwards.
There is a stone staircase leading down here.
There is a stone staircase leading up here.
You climb upwards.
You sense a monster nearby.
There is a stone staircase leading down here.
Unknown command.
(D) Dungeon (T) Temple (L) Lair (S) Swamp (P) Snake Pit (M) Slime Pits (O) Orcish Mines (E) Elven Halls (V) Vaults (C) Crypt (U) Depths (H) Hell (Z) Zot
Where to? (Tab/Enter - D:1 @ (x,y), ? - help)
An Orb Guardian comes into view.
Really quaff
c - 6 potions of haste {@q4 !q}?
You feel yourself speed up.
Really quaff
h - 7 potions of might {@q3 !q}?
You feel very mighty all of a sudden.
You slash the Orb Guardian! Your slash misses the Orb Guardian.
The Orb Guardian is moderately wounded.
You shred the Orb Guardian!!! You slash the Orb Guardian.
You kill the Orb Guardian!
Your Stealth skill increases to level 6!
No target in view!
(D) Dungeon (T) Temple (L) Lair (S) Swamp (P) Snake Pit (M) Slime Pits (O) Orcish Mines (E) Elven Halls (V) Vaults (C) Crypt (U) Depths (H) Hell (Z) Zot
Where to? (Tab/Enter - D:1 @ (x,y), ? - help)
There is a stone staircase leading up here.
You climb upwards.
There is a stone staircase leading down, spattered with blood here.
There is a stone staircase leading up here.
You climb upwards.
There is a stone staircase leading down here.
Things that are here:
a +0 ring mail; a +0 club
Things that are here:
a +0 club; a +0 club Your extra speed is starting to run out.
You feel yourself slow down.
There is a stone staircase leading up here.
You climb upwards.
There is a stone staircase leading down here.
You feel a little less mighty now.
There is a stone staircase leading up here.
You climb upwards.
There is a stone staircase leading down here.
You sense a monster nearby.
There is an escape hatch in the ceiling here.
Unknown command.
Really go through this one-way escape hatch? "Fight to survive, mortal."
A mysterious force pulls you upwards. The hatch slams shut behind you.
You are a level 23 Felid Chaos Knight.
You are 75% of the way to level 24.
If you died right now, you'd get an extra life in 1.25 levels' worth of XP.
Play time: 02:55:44 (51220 turns).
You are forever immune to Zot's power.
(D) Dungeon (T) Temple (L) Lair (S) Swamp (P) Snake Pit (M) Slime Pits (O) Orcish Mines (E) Elven Halls (V) Vaults (C) Crypt (U) Depths (H) Hell (Z) Zot
Where to? (Tab/Enter - D:1 @ (x,y), ? - help)
There is a stone staircase leading up here.
You climb upwards.
There is a stone staircase leading down here.
A rakshasa comes into view. It is wielding a +0 trident.
You hit the rakshasa. Your bite misses the rakshasa.
The rakshasa is lightly wounded.
You shred the rakshasa!!!
You bite the rakshasa, but do no damage.
The rakshasa is severely wounded.
The rakshasa completely misses you.
You slice the rakshasa!!
You kill the rakshasa!
No target in view!
(D) Dungeon (T) Temple (L) Lair (S) Swamp (P) Snake Pit (M) Slime Pits (O) Orcish Mines (E) Elven Halls (V) Vaults (C) Crypt (U) Depths (H) Hell (Z) Zot
Where to? (Tab/Enter - D:1 @ (x,y), ? - help)
Things that are here:
a +0 robe; a +0 trident
There is a stone staircase leading up here.
You climb upwards.
There is a stone staircase leading down here.
There is a stone staircase leading up here.
You climb upwards.
There is a stone staircase leading down here.
There is a stone staircase leading up here.
You climb upwards.
There is a stone staircase leading down here.
There is an escape hatch in the floor here.
There is a staircase leading out of the dungeon here.
Search for what [Enter for "app", or ? for help]? tal You have escaped!

............##
.##..........##
.######.......# .#
#.......# ## #.......#
####......##
####.........##
..............#######
#...###.......##@>..###
#.#####........####...#
......#......#..#####.#
..###.......###.......#
#####.###.### #########
......###.# ##..####..#
#..## ##.## ...#
##..####


There were no monsters in sight!

Vanquished Creatures
  An ancient lich (Zot:5)
  Vashnia (Snake:4)
  4 caustic shrikes (Depths:4)
  7 golden dragons
  2 tentacled monstrosities
  2 titans (Vaults:5)
  An Orb Guardian (D:10)
  6 liches
  3 deep elf blademasters
  A deep elf master archer (Elf:3)
  4 sphinxes
  A quicksilver dragon (Vaults:5)
  2 thorn hunters
  3 death cobs
  5 tengu reavers
  The ghost of Opifex the Metamorph, an adept MiSh of Jiyva (Snake:4)
  Agnes (D:14)
  6 shadow dragons
  A draconian monk (Zot:3)
  5 nagarajas
  Aizul (Snake:3)
  12 storm dragons
  3 frost giants
  19 vault wardens
  9 fire giants
  A draconian knight (Zot:3)
  6 fenstrider witches (Swamp:4)
  A deep elf elementalist (Elf:3)
  3 spectral caustic shrikes (Depths:3)
  3 draconian scorchers
  3 draconian shifters
  11 deep elf sorcerers
  A spriggan defender (Depths:1)
  2 orc warlords (Vaults:4)
  A juggernaut zombie (Depths:1)
  2 reapers (Swamp:4)
  13 very ugly things
  A draconian annihilator (Depths:4)
  10 ironbound thunderhulks
  4 war gargoyles
  2 ghouls (Swamp:4)
  17 ironbound preservers
  A draconian stormcaller (Zot:3)
  18 stone giants
  2 vampire knights
  2 formless jellyfish
  5 deep elf demonologists
  5 eleionomae
  2 green draconians
  The ghost of dertzug the Fighter, a journeyman OgBe of Trog (D:12)
  A red draconian (Zot:4)
  7 dire elephants
  A black draconian (Zot:4)
  3 yellow draconians
  A spectral titan (Depths:3)
  3 purple draconians
  A bunyip (shapeshifter) (Vaults:5)
  2 spark wasps (Depths:4)
  2 white draconians
  5 bunyips
  11 deep elf annihilators
  2 eidola (Depths:3)
  Snorg (Lair:4)
  7 ettins
  A jiangshi (Vaults:3)
  9 deep elf death magi
  A crystal guardian (Vaults:3)
  A merfolk javelineer (Depths:1)
  A fire dragon (shapeshifter) (Vaults:5)
  2 spectral golden dragons (Depths:3)
  12 yaktaur captains
  8 deep elf high priests
  6 fire dragons
  3 spectral sphinxes (Depths:3)
  A spectral tengu (Depths:3)
  A shambling mangrove (Swamp:4)
  5 rakshasas
  5 ice dragons (Depths:4)
  11 alligators
  3 peacekeepers (Vaults:3)
  3 spriggan air magi
  3 spectral shadow dragons (Depths:3)
  15 hydras
  6 anacondas (Snake:2)
  7 ogre magi
  31 vault guards
  9 ironbound frosthearts
  7 great orbs of eyes
  6 boulder beetles
  A merfolk avatar (Lair:5)
  A spectral fire giant (Depths:3)
  10 two-headed ogres
  5 deep troll shamans
  A tengu warrior (Depths:1)
  12 centaur warriors
  18 dancing weapons
  15 deep troll earth magi
  10 spriggan berserkers
  A spectral storm dragon (Depths:3)
  A vampire mage (Vaults:3)
  17 naga warriors
  An orc high priest (Vaults:3)
  20 deep elf knights
  2 soul eaters (Swamp:4)
  5 shock serpents
  Urug (D:11)
  9 naga sharpshooters
  A fire crab (shapeshifter) (D:14)
  A sixfirhy (Swamp:4)
  8 salamander mystics (Snake:4)
  4 skeletal warriors
  6 iron trolls
  Amaemon (Lair:3)
  5 goliath frogs
  A death drake (Swamp:1)
  62 deep trolls
  4 flayed ghosts
  2 sea snakes
  8 arcanists
  3 glowing orange brains
  An orb spider (Lair:5)
  A sea snake (shapeshifter) (Vaults:5)
  5 spriggan druids
  6 naga ritualists
  A deep troll (shapeshifter) (D:15)
  6 phantasmal warriors
  5 bog bodies
  9 swamp dragons
  A lindwurm (shapeshifter) (Elf:2)
  10 deep elf archers
  3 occultists
  9 lindwurms
  17 ironbound convokers
  An iron dragon zombie (Depths:1)
  A steelbarb worm (shapeshifter) (Elf:3)
  6 harpies
  37 deep elf pyromancers
  2 necromancers
  8 orc knights
  23 deep elf zephyrmancers
  6 mana vipers
  7 cyclopes
  A wolf spider (D:15)
  29 ugly things
  An orc sorcerer (Swamp:4)
  13 salamanders
  3 manticores
  5 elephants
  9 moths of wrath
  21 black mambas
  24 vault sentinels
  A water nymph (shapeshifter) (Vaults:5)
  10 guardian serpents
  A torpor snail (shapeshifter) (D:13)
  2 orange demons (Swamp:4)
  6 cane toads
  2 ice statues (IceCv)
  A smoke demon (Depths:2)
  A storm dragon simulacrum (Depths:1)
  10 naga magi
  7 komodo dragons
  A freezing wraith (Vaults:3)
  An ice devil (IceCv)
  5 rime drakes
  A rime drake (shapeshifter) (Vaults:3)
  A spectral human (Depths:3)
  2 kobold demonologists (D:10)
  27 yaktaurs
  2 spectral glowing shapeshifters (Depths:3)
  7 polar bears
  A merfolk (shapeshifter) (Vaults:5)
  3 meliai (D:13)
  11 trolls
  A wind drake (shapeshifter) (Vaults:4)
  A queen bee (D:12)
  A troll (shapeshifter) (Vaults:5)
  7 tyrant leeches
  A meliai (shapeshifter) (Vaults:3)
  A spectral guardian serpent (Snake:4)
  16 hornets
  19 blink frogs
  A frost giant simulacrum (Vaults:5)
  A spectral black mamba (Snake:4)
  A shock serpent simulacrum (Snake:4)
  20 spriggans
  5 wyverns
  31 slime creatures
  A spriggan skeleton (Depths:1)
  An air elemental (Elf:3)
  3 wraiths
  30 yaks
  2 shadows
  5 water elementals
  A steam dragon (Lair:5)
  A basilisk (Lair:3)
  4 chaos spawn (Swamp:4)
  6 fire elementals
  A golden eye (shapeshifter) (Vaults:5)
  3 redbacks
  14 vampire mosquitoes
  A neqoxec (Swamp:4)
  A redback (shapeshifter) (Depths:2)
  A naga (shapeshifter) (Vaults:5)
  2 wargs
  38 nagas
  3 acid dragons
  A mana viper simulacrum (Snake:4)
  12 swamp worms
  A tengu skeleton (Depths:1)
  15 water moccasins
  4 ice beasts
  A spectral naga (Snake:4)
  A black bear (D:6)
  9 orc warriors
  2 swamp drakes (Swamp:2)
  A sky beast (D:6)
  A deep troll simulacrum (Vaults:5)
  17 ogres
  A boggart (Vaults:2)
  24 wolves
  4 centaurs
  2 nameless horrors
  6 kobold brigands
  11 bullfrogs
  2 scorpions
  2 gnoll sergeants
  A glowing shapeshifter simulacrum (Vaults:5)
  An earth elemental (Elf:2)
  13 killer bees
  An electric eel (Lair:1)
  2 howler monkeys
  8 orc priests
  6 jellies
  2 gnoll boudas
  An iguana (D:5)
  14 orc wizards
  4 naga simulacra (Snake:4)
  13 gnolls
  A river rat (D:6)
  4 adders
  2 white imps
  An ufetubus (IceCv)
  A worm (D:6)
  2 dart slugs
  76 orcs
  3 endoplasms
  7 giant cockroaches
  3 hobgoblins
  2 jackals (D:1)
  4 quokkas
  4 ball pythons
  3 bats (D:1)
  5 frilled lizards
  7 goblins
  12 kobolds
  8 rats
1584 creatures vanquished.

Vanquished Creatures (collateral kills)
  A caustic shrike (Depths:4)
  A shadow dragon (Zot:3)
  A vault warden (Vaults:5)
  An ironbound preserver (Vaults:1)
  3 dire elephants (Vaults:1)
  A red draconian (Zot:3)
  A white draconian (Zot:3)
  A vault guard (D:13)
  A boulder beetle (Lair:1)
  An orc high priest (Orc:2)
  A skyshark (D:14)
  A deep troll (Vaults:2)
  A necromancer (Vaults:5)
  An ugly thing (D:15)
  A cyclops (D:15)
  A kobold demonologist (D:10)
  A hornet (Lair:1)
  A blink frog (Lair:1)
  2 slime creatures (Vaults:1)
  A spriggan (Lair:1)
  9 yaks
  A vampire mosquito (D:14)
  A swamp worm (Swamp:3)
  5 water moccasins
  2 orc warriors
  A swamp drake (D:9)
  2 ice beasts
  A sky beast (D:6)
  A wolf (Lair:1)
  4 ogres
  A centaur (D:9)
  2 bullfrogs
  4 killer bees
  An electric eel (Orc:1)
  A hound (D:5)
  2 orc priests
  2 orc wizards
  6 gnolls
  An adder (D:6)
  A shadow imp (D:6)
  A white imp (D:5)
  2 ufetubi (D:5)
  2 dart slugs
  23 orcs
  A goblin (D:4)
  3 kobolds (D:10)
103 creatures vanquished.

Vanquished Creatures (others)
  A death cob (Zot:4)
  2 storm dragons (Zot:2)
  A fire giant (Depths:3)
  A frost giant (Vaults:5)
  A vault warden (Vaults:3)
  3 black draconians
  A yellow draconian (Zot:3)
  2 red draconians (Zot:2)
  A white draconian (Zot:4)
  A hydra (Lair:4)
  An alligator (Swamp:4)
  An orc high priest (Orc:1)
  A naga sharpshooter (Snake:4)
  2 deep elf knights
  A shock serpent (Snake:3)
  3 skeletal warriors
  A deep troll (D:7)
  A deep elf zephyrmancer (Elf:3)
  2 ugly things (D:15)
  A naga mage (Snake:4)
  An orange demon (Lair:3)
  A yaktaur (Vaults:3)
  An ice devil (IceCv)
  A freezing wraith (D:14)
  3 bloated husks
  A blink frog (Lair:3)
  A centaur simulacrum (D:13)
  A wyvern (D:10)
  16 yaks
  A steam dragon (D:7)
  Menkaure (D:6)
  A warg (Orc:1)
  2 nagas (Snake:4)
  A water moccasin (D:5)
  A swamp drake (D:8)
  5 orc warriors
  An ice beast (D:8)
  3 ogres (Orc:2)
  A scorpion (D:5)
  A two-headed ogre simulacrum (IceCv)
  A gnoll sergeant (D:7)
  5 killer bees
  An orc priest (D:7)
  An iguana (D:5)
  2 orc wizards
  4 gnolls
  2 adders (D:5)
  An ufetubus (IceCv)
  4 orcs
  2 kobolds (D:10)
95 creatures vanquished.

Grand Total: 1782 creatures vanquished

Notes
Turn   | Place    | Note
-------+----------+-------------------------------------------
     0 | D:1      | EnegeticOcto the Felid Chaos Knight began the quest for the
                  | Orb.
     0 | D:1      | Reached XP level 1. HP: 10/10 MP: 2/2
    75 | D:1      | Found a faded altar of an unknown god.
    94 | D:1      | Reached skill level 1 in Stealth
   167 | D:1      | Reached skill level 2 in Stealth
   248 | D:1      | Reached XP level 2. HP: 14/14 MP: 3/3
   381 | D:1      | Reached skill level 3 in Stealth
   502 | D:1      | XOM: god gift: 3 stones
   735 | D:1      | Found a faded altar of an unknown god.
   795 | D:1      | XOM: summons 1 hostile demon
   961 | D:1      | XOM: god gift: smoky yellow potion {god gift}
  1054 | D:1      | XOM: draining
  1103 | D:2      | XOM: 2-stop teleportation journey
  1218 | D:2      | Found Culuum's Armour Emporium.
  1272 | D:2      | XOM: 9-stop teleportation journey
  1314 | D:2      | Reached XP level 3. HP: 15/15 MP: 4/4
  1375 | D:2      | XOM: summons 2 hostile demons
  1505 | D:2      | Reached skill level 1 in Summonings
  1559 | D:2      | XOM: scenery: create altars
  1925 | D:3      | XOM is BORED!
  1925 | D:3      | XOM: 2-stop teleportation journey
  1935 | D:3      | Learned a level 1 spell: Summon Small Mammal
  2016 | D:3      | Found a glowing drain.
  2020 | Sewer    | Entered a sewer
  2022 | Sewer    | Noticed a kobold brigand
  2088 | D:3      | Reached skill level 2 in Summonings
  2399 | D:3      | Reached XP level 4. HP: 11/21 MP: 3/5
  2635 | D:3      | Found a shadowy altar of Dithmenos.
  2640 | D:3      | Identified the +0 robe of Zin's Respect {rPois Dex+4}
  2918 | D:3      | Reached skill level 3 in Summonings
  3023 | D:4      | XOM: god gift: scroll of teleportation
  3026 | D:4      | Noticed an ogre
  3092 | D:3      | XOM: god gift: plate armour {god gift}
  3109 | D:2      | XOM: cloud trail
  3145 | D:2      | XOM: snakes to sticks
  3265 | D:4      | Noticed an ogre
  3266 | D:4      | XOM: cleaving
  3496 | D:4      | XOM is BORED!
  3496 | D:4      | XOM: enchant monster (bad)
  3525 | D:4      | Killed an ogre
  3526 | D:4      | Reached skill level 4 in Summonings
  3526 | D:4      | Reached XP level 5. HP: 24/24 MP: 0/6
  3691 | D:4      | Learned a level 3 spell: Call Canine Familiar
  3862 | D:4      | XOM: god gift: battleaxe {god gift}
  3915 | D:4      | XOM: give mutation
  3915 | D:4      | Gained mutation: Your flesh is heat resistant. (rF+) [Xom's
                  | grace]
  3967 | D:4      | XOM: scenery: summon butterflies
  3980 | D:4      | XOM: cast spell 'Chain of Chaos'
  4116 | D:4      | XOM: god gift: 760 gold pieces
  4167 | D:4      | XOM: 4-stop teleportation journey
  4172 | D:4      | XOM: cloud trail
  4344 | D:4      | Killed an ogre
  4345 | D:4      | Reached skill level 2 in Spellcasting
  4345 | D:4      | Reached skill level 5 in Summonings
  4345 | D:4      | Gained mutation: You are covered in thick fur. (AC +2)
                  | [Felid growth]
  4345 | D:4      | Reached XP level 6. HP: 28/28 MP: 4/10
  4417 | D:4      | XOM: give mutation
  4417 | D:4      | Gained mutation: Your flesh is cold resistant. (rC+) [Xom's
                  | grace]
  4418 | D:5      | Entered Level 5 of the Dungeon
  4423 | D:5      | Learned a level 3 spell: Summon Guardian Golem
  4528 | D:5      | XOM: smoke on damage
  4659 | D:5      | XOM: chaos upgrade
  4704 | D:5      | XOM: 6-stop teleportation journey
  4801 | D:5      | Reached skill level 1 in Hexes
  4869 | D:5      | Noticed an ice beast
  4877 | D:5      | XOM: noise
  4930 | D:5      | Reached skill level 2 in Hexes
  4931 | D:5      | XOM: cleaving
  5082 | D:5      | Noticed a water moccasin
  5099 | D:5      | Killed a water moccasin
  5100 | D:5      | Reached skill level 3 in Hexes
  5100 | D:5      | Reached XP level 7. HP: 31/31 MP: 5/12
  5179 | D:5      | XOM: summons 1 hostile demon
  5288 | D:5      | Found a sparkling altar of Nemelex Xobeh.
  5309 | D:5      | Reached skill level 3 in Spellcasting
  5384 | D:5      | XOM is BORED!
  5406 | D:5      | XOM: enchant monster (good)
  5418 | D:5      | Reached skill level 4 in Hexes
  5518 | D:5      | Found a shimmering blue altar of Sif Muna.
  5519 | D:5      | Found an ancient bone altar of Kikubaaqudgha.
  5543 | D:5      | Reached skill level 6 in Summonings
  5648 | D:5      | Reached skill level 5 in Hexes
  5690 | D:5      | XOM: confuse monster(s)
  5712 | D:5      | Reached skill level 7 in Summonings
  5712 | D:5      | Reached XP level 8. HP: 33/34 MP: 4/13
  6142 | D:6      | Reached skill level 4 in Dodging
  6191 | D:6      | XOM: polymorph iguana -> river rat
  6259 | D:6      | Reached skill level 4 in Fighting
  6418 | D:6      | Found a snail-covered altar of Cheibriados.
  6659 | D:6      | Noticed Menkaure
  6664 | D:6      | Found a stormy altar of Qazlal.
  6664 | D:6      | XOM: 6-stop teleportation journey
  6788 | D:6      | XOM: potion effect (attraction)
  6788 | D:6      | Killed Menkaure
  6789 | D:6      | Reached skill level 5 in Dodging
  6789 | D:6      | Reached skill level 4 in Spellcasting
  6879 | D:5      | XOM: give mutations
  6879 | D:5      | Gained mutation: You passively map a small area around you.
                  | [Xom's mischief]
  6879 | D:5      | Gained mutation: Your spells are a little harder to cast,
                  | but a little more powerful. [Xom's mischief]
  6879 | D:5      | Lost mutation: You passively map a small area around you.
                  | [Xom's mischief]
  6879 | D:5      | Gained mutation: You occasionally shout uncontrollably at
                  | your foes. [Xom's mischief]
  7012 | D:6      | Reached skill level 5 in Fighting
  7012 | D:6      | Reached skill level 6 in Dodging
  7030 | D:6      | XOM: stat loss: -1 Str (13/14)
  7069 | D:6      | Reached skill level 7 in Dodging
  7137 | D:6      | XOM: draining
  7230 | D:7      | Identified the of Enungisahi
  7264 | D:7      | Reached XP level 9. HP: 35/37 MP: 9/16
  7270 | D:7      | XOM: summons friendly iron imp
  7297 | D:7      | XOM: silly message
  7414 | D:7      | Noticed a deep troll
  7446 | D:7      | XOM: confusion
  7453 | D:7      | Killed a deep troll
  7454 | D:7      | Reached skill level 6 in Fighting
  7454 | D:7      | Reached skill level 8 in Dodging
  7522 | D:7      | Found the amulet of Vitality {RegenMP++ Regen++}
  7665 | D:7      | XOM: 3-stop teleportation journey
  7674 | D:7      | Found a staircase to the Ecumenical Temple.
  7691 | D:7      | Reached skill level 9 in Dodging
  7699 | D:7      | XOM: repel stairs
  7730 | D:7      | Reached skill level 7 in Fighting
  7743 | D:7      | XOM: polymorph hound -> jelly
  8018 | D:7      | XOM: god gift: pair of runed boots {god gift}
  8056 | D:8      | Reached skill level 10 in Dodging
  8302 | D:8      | XOM: noise
  8324 | D:8      | Reached skill level 4 in Unarmed Combat
  8367 | D:8      | Found a hide-covered altar of Uskayaw.
  8388 | D:8      | XOM: noise
  8389 | D:8      | XOM: polymorph killer bee -> swamp drake
  8412 | D:8      | XOM: blink monster(s)
  8558 | D:8      | Reached XP level 10. HP: 28/48 MP: 17/17
  8615 | D:8      | Reached skill level 8 in Fighting
  8615 | D:8      | Reached skill level 5 in Unarmed Combat
  8616 | D:8      | XOM: 1-stop teleportation journey
  8621 | D:8      | XOM: chaos upgrade
  8623 | D:8      | XOM: swap monsters
  8623 | D:8      | Slain by an orc warrior
  8651 | D:8      | XOM: give mutations
  8651 | D:8      | Gained mutation: You have hidden genetic defects. [Xom's
                  | mischief]
  8651 | D:8      | Gained mutation: You occasionally lose the ability to read
                  | scrolls when taking damage. [Xom's mischief]
  8651 | D:8      | Gained mutation: You frequently scream uncontrollably at
                  | your foes. [Xom's mischief]
  8651 | D:8      | Lost mutation: Your flesh is cold resistant. (rC+) [Xom's
                  | mischief]
  8700 | D:8      | XOM: chaos upgrade
  8713 | D:8      | XOM: cast spell 'Metabolic Englaciation'
  8719 | D:8      | XOM: cast spell 'Summon Dragon'
  8767 | D:8      | Reached skill level 6 in Unarmed Combat
  8994 | D:8      | XOM: cast spell 'Disjunction'
  9005 | D:8      | XOM: divination: magic mapping
  9009 | D:8      | XOM: divination: detect items
  9015 | D:8      | Reached skill level 9 in Fighting
  9028 | D:8      | Gained mutation: You occasionally lose the ability to drink
                  | potions when taking damage. [hidden defects]
  9215 | D:9      | Noticed a boulder beetle
  9281 | D:9      | Found an opulent altar of Gozag.
  9358 | D:9      | Reached skill level 7 in Unarmed Combat
  9360 | D:9      | XOM: summons friendly crimson imp
  9486 | D:9      | XOM: polymorph crimson imp -> lemure
  9518 | D:9      | XOM: 3-stop teleportation journey
  9545 | D:9      | XOM: god gift: mace {god gift}
  9580 | D:9      | XOM: polymorph lemure -> cerulean imp
  9791 | D:9      | XOM: god gift: dire flail {god gift}
  9830 | D:9      | XOM: polymorph orc warrior -> water moccasin
  9856 | D:9      | Found a staircase to the Orcish Mines.
  9891 | D:9      | XOM: summons 10 friendly demons
 10006 | D:9      | Killed a boulder beetle
 10007 | D:9      | Reached skill level 10 in Fighting
 10017 | D:9      | Lost mutation: Your spells are a little harder to cast, but
                  | a little more powerful. [hidden defects]
 10017 | D:9      | Lost mutation: You have hidden genetic defects. [hidden
                  | defects expressed]
 10142 | D:10     | Entered Level 10 of the Dungeon
 10151 | D:10     | Reached skill level 8 in Unarmed Combat
 10154 | D:10     | Noticed an orange demon
 10204 | D:10     | XOM: chaos cloud
 10206 | D:10     | XOM: give mutation
 10206 | D:10     | Gained mutation: Your mind is acute. (Int +4, Str/Dex -1)
                  | [Xom's grace]
 10210 | D:9      | XOM: give mutations
 10210 | D:9      | Lost mutation: Your mind is acute. (Int +4, Str/Dex -1)
                  | [Xom's mischief]
 10210 | D:9      | Gained mutation: You sometimes lose the ability to read
                  | scrolls when taking damage. [Xom's mischief]
 10210 | D:9      | Gained mutation: You are somewhat resistant to further
                  | mutation. [Xom's mischief]
 10210 | D:9      | Gained mutation: You are vulnerable to cold. (rC-) [Xom's
                  | mischief]
 10318 | D:9      | Reached XP level 11. HP: 54/54 MP: 18/18
 10518 | D:10     | Found an iron altar of Okawaru.
 10556 | D:10     | Found a staircase to the Lair.
 10556 | D:10     | XOM: 1-stop teleportation journey
 10568 | D:10     | XOM: confusion
 10573 | D:10     | Reached skill level 9 in Unarmed Combat
 10577 | D:10     | Noticed a sixfirhy
 10645 | D:10     | XOM: polymorph hound -> killer bee
 10654 | D:10     | XOM: smoke on damage
 10673 | D:10     | XOM: scenery: summon butterflies
 10674 | D:10     | XOM: confuse monster(s)
 10678 | D:10     | Identified the ring "Yched" {rElec rCorr} (Xom gifted it to
                  | you on level 10 of the Dungeon)
 10678 | D:10     | XOM: god gift: ring "Yched" {rElec rCorr}
 10767 | D:10     | Reached skill level 10 in Unarmed Combat
 10832 | D:10     | XOM: give mutations
 10832 | D:10     | Gained mutation: You have a pair of small antennae on your
                  | head. [Xom's mischief]
 10832 | D:10     | Lost mutation: You frequently scream uncontrollably at your
                  | foes. [Xom's mischief]
 10832 | D:10     | Lost mutation: You occasionally shout uncontrollably at
                  | your foes. [Xom's mischief]
 10832 | D:10     | Gained mutation: Your spells are a little harder to cast,
                  | but a little more powerful. [Xom's mischief]
 10904 | D:10     | XOM: destruction
 10908 | D:10     | Reached skill level 4 in Stealth
 10922 | D:10     | Reached skill level 5 in Stealth
 10950 | D:10     | Identified the +2 barding "Cykepef" {Contam rElec Int+6
                  | Dex+2}
 11040 | D:10     | XOM: give mutations
 11040 | D:10     | Lost mutation: You have a pair of small antennae on your
                  | head. [Xom's mischief]
 11040 | D:10     | Gained mutation: Potions are less effective at restoring
                  | your health. [Xom's mischief]
 11040 | D:10     | Gained mutation: Your flesh is very heat resistant. (rF++)
                  | [Xom's mischief]
 11040 | D:10     | Lost mutation: You are vulnerable to cold. (rC-) [Xom's
                  | mischief]
 11072 | Lair:1   | Entered Level 1 of the Lair of Beasts
 11158 | Lair:1   | XOM: summons 6 friendly demons
 11205 | Lair:1   | Reached skill level 11 in Unarmed Combat
 11252 | Lair:1   | Learned a level 3 spell: Ozocubu's Armour
 11304 | Lair:1   | Noticed a boulder beetle
 11338 | Lair:1   | XOM: cast spell 'Dispersal'
 11345 | Lair:1   | XOM: summons 2 friendly demons
 11350 | Lair:1   | XOM: confusion
 11359 | Lair:1   | Paralysed by a hornet for 3 turns
 11360 | Lair:1   | XOM: summons 2 friendly demons
 11372 | Lair:1   | Reached skill level 1 in Ice Magic
 11374 | Lair:1   | XOM: enchant monster (good)
 11456 | Lair:1   | Reached skill level 2 in Ice Magic
 11532 | Lair:1   | XOM: draining
 11536 | Lair:1   | XOM: torment (21/46 hp)
 11555 | Lair:1   | Reached skill level 3 in Ice Magic
 11581 | Lair:1   | XOM: silly message
 11670 | Lair:1   | XOM: confuse monster(s)
 11673 | Lair:1   | XOM: silly message
 11691 | Lair:1   | Gained mutation: Your thick and shaggy fur keeps you warm.
                  | (AC +3, rC+) [Felid growth]
 11691 | Lair:1   | Reached XP level 12. HP: 57/58 MP: 19/19
 11708 | Lair:1   | XOM: silly message
 11722 | Lair:1   | XOM: butterfly on damage
 11723 | Lair:1   | Demolished by a boulder beetle
 11731 | Lair:1   | XOM: scenery: create altars
 11736 | Lair:1   | XOM: god gift: +2 leather armour of cold resistance
 11745 | Lair:1   | Reached skill level 4 in Ice Magic
 11756 | Lair:1   | Reached skill level 12 in Unarmed Combat
 11762 | Lair:1   | Learned a level 3 spell: Frozen Ramparts
 11980 | Lair:1   | Reached skill level 5 in Ice Magic
 12047 | Lair:1   | Reached skill level 1 in Evocations
 12073 | Lair:1   | XOM: scenery: create altars
 12152 | Lair:1   | XOM: butterfly on damage
 12156 | Lair:1   | XOM: summons 2 friendly demons
 12165 | Lair:1   | Killed a boulder beetle
 12166 | Lair:1   | Reached skill level 2 in Evocations
 12170 | Lair:1   | XOM: divination: detect items
 12212 | Lair:1   | XOM: give mutation
 12212 | Lair:1   | Gained mutation: You have an increased reservoir of magic.
                  | (+10% MP) [Xom's grace]
 12227 | Lair:1   | XOM: god gift: scroll labelled ZEQUDDU HOAFIBUD {god gift}
 12406 | Lair:2   | XOM: scenery: summon butterflies
 12409 | Lair:2   | Reached skill level 3 in Evocations
 12439 | Lair:2   | XOM: god gift: potion of haste
 12476 | Lair:2   | XOM: enchant monster (good)
 12544 | Lair:2   | XOM: give mutations
 12544 | Lair:2   | Lost mutation: Your flesh is very heat resistant. (rF++)
                  | [Xom's mischief]
 12544 | Lair:2   | Lost mutation: You sometimes lose the ability to read
                  | scrolls when taking damage. [Xom's mischief]
 12544 | Lair:2   | Lost mutation: You are somewhat resistant to further
                  | mutation. [Xom's mischief]
 12577 | Lair:2   | Reached skill level 6 in Ice Magic
 12635 | Lair:2   | Reached skill level 4 in Evocations
 12663 | Lair:2   | Found a staircase to the Snake Pit.
 12896 | Lair:2   | XOM: smoke on damage
 12961 | Lair:2   | XOM: swap monsters
 13132 | Lair:3   | Reached skill level 7 in Ice Magic
 13144 | Lair:3   | XOM: silly message
 13170 | Lair:3   | XOM: give mutations
 13170 | Lair:3   | Gained mutation: You sometimes lose the ability to read
                  | scrolls when taking damage. [Xom's mischief]
 13170 | Lair:3   | Lost mutation: You have an increased reservoir of magic.
                  | (+10% MP) [Xom's mischief]
 13170 | Lair:3   | Lost mutation: Potions are less effective at restoring your
                  | health. [Xom's mischief]
 13205 | Lair:3   | XOM: swap monsters
 13215 | Lair:3   | Reached skill level 8 in Ice Magic
 13338 | Lair:3   | Noticed Amaemon
 13339 | Lair:3   | XOM: 4-stop teleportation journey
 13352 | Lair:3   | XOM: stat loss: -1 Int (14/15)
 13356 | Lair:3   | XOM: destruction
 13362 | Lair:3   | XOM: butterfly on damage
 13363 | Lair:3   | XOM: smoke on damage
 13397 | Lair:3   | Found a staircase to the Swamp.
 13477 | Lair:3   | XOM: summons friendly white imp
 13502 | Lair:3   | Killed Amaemon
 13627 | Lair:3   | Reached skill level 11 in Dodging
 13627 | Lair:3   | Reached XP level 13. HP: 52/62 MP: 20/20
 13814 | Lair:3   | XOM: give mutation
 13814 | Lair:3   | Gained mutation: You sometimes lose the ability to drink
                  | potions when taking damage. [Xom's mischief]
 13930 | Lair:4   | XOM: smoke on damage
 13984 | Lair:4   | Found a viscous altar of Jiyva.
 14009 | Lair:4   | Found a staircase to the Slime Pits.
 14083 | Lair:3   | Reached skill level 1 in Shapeshifting
 14088 | Lair:4   | XOM: butterfly on damage
 14091 | Lair:3   | XOM: summons friendly crimson imp
 14107 | Lair:3   | Reached skill level 2 in Shapeshifting
 14273 | Lair:4   | Noticed Snorg
 14276 | Lair:4   | XOM: swap monsters
 14288 | Lair:4   | Killed Snorg
 14289 | Lair:4   | Reached skill level 3 in Shapeshifting
 14343 | Lair:4   | XOM: silly message
 14401 | Lair:4   | Identified the ring "Nuibenoa" {rPois rF+ Will+ rCorr
                  | Int-2}
 14402 | Lair:4   | XOM: polymorph hound -> shapeshifter
 14437 | Lair:4   | XOM: enchant monster (good)
 14443 | Lair:4   | Reached skill level 4 in Shapeshifting
 14532 | Lair:4   | XOM: 6-stop teleportation journey
 14558 | Lair:4   | XOM: summons 3 hostile demons
 14574 | Lair:4   | Reached skill level 5 in Shapeshifting
 14579 | Lair:4   | XOM: enchant monster (bad)
 14944 | Lair:4   | XOM: 2-stop teleportation journey
 15107 | Lair:5   | Entered Level 5 of the Lair of Beasts
 15136 | Lair:5   | XOM: swap monsters
 15137 | Lair:5   | XOM: noise
 15145 | Lair:5   | Reached skill level 6 in Shapeshifting
 15336 | Orc:1    | Entered Level 1 of the Orcish Mines
 15358 | Orc:1    | Found Wekhiul's Antique Weapon Shoppe.
 15388 | Orc:1    | Found a frozen archway.
 15407 | IceCv    | Entered an ice cave
 15575 | IceCv    | XOM: god gift: potion of brilliance
 15581 | IceCv    | XOM: divination: detect items
 15583 | IceCv    | XOM: cast spell 'Monstrous Menagerie'
 15660 | IceCv    | Reached skill level 7 in Shapeshifting
 15713 | IceCv    | Noticed a reaper
 15721 | IceCv    | a reaper changed into a cacodemon
 15721 | IceCv    | Noticed a cacodemon
 15721 | IceCv    | XOM: polymorph reaper -> cacodemon
 15817 | Orc:1    | XOM: scenery: create altars
 16003 | Orc:1    | XOM: god gift: 3 boomerangs
 16080 | Orc:1    | XOM: polymorph ogre -> wyvern
 16106 | Orc:1    | XOM: god gift: scroll labelled BOYT NARULOPHABB {god gift}
 16192 | Orc:2    | Entered Level 2 of the Orcish Mines
 16227 | Orc:2    | XOM: confuse monster(s)
 16230 | Orc:2    | Reached skill level 8 in Shapeshifting
 16231 | Orc:2    | Noticed Saint Roka
 16236 | Orc:2    | XOM: torment (24/62 hp)
 16237 | Orc:2    | XOM: confusion
 16985 | Orc:2    | XOM: noise
 17159 | Orc:2    | XOM: swap monsters
 17161 | Orc:2    | XOM: cast spell 'Metabolic Englaciation'
 17202 | Orc:2    | XOM: noise
 17224 | Orc:2    | XOM: potion effect (haste)
 17247 | Orc:2    | XOM: cleaving
 17250 | Orc:2    | XOM: swap monsters
 17262 | Orc:2    | Saint Roka changed into Saint Roka the golden dragon
 17262 | Orc:2    | Noticed Saint Roka
 17262 | Orc:2    | XOM: polymorph Saint Roka -> Saint Roka the golden dragon
 17268 | Orc:2    | XOM: cast spell 'Dispersal'
 17272 | Orc:2    | XOM: confuse monster(s)
 17339 | D:9      | XOM is BORED!
 17339 | D:9      | XOM: noise
 17409 | D:11     | XOM: polymorph orc priest -> centaur
 17424 | D:10     | XOM: repel stairs
 17430 | D:10     | XOM: enchant monster (good)
 17569 | D:11     | XOM: draining
 17624 | D:11     | Found an ornate altar of the Wu Jian Council.
 17641 | D:11     | Noticed Urug
 17648 | D:11     | Killed Urug
 17649 | D:11     | Reached skill level 9 in Shapeshifting
 17681 | D:11     | XOM: give mutation
 17681 | D:11     | Gained mutation: Your body sometimes deteriorates upon
                  | taking damage. [Xom's mischief]
 17699 | D:11     | XOM: silly message
 17827 | D:11     | XOM: enchant monster (good)
 17869 | D:11     | XOM: god gift: 36 gold pieces
 18325 | D:12     | XOM: potion effect (brilliance)
 18332 | D:12     | Reached skill level 10 in Shapeshifting
 18355 | D:12     | XOM: divination: detect items
 18440 | D:12     | XOM: stat loss: -1 Int (13/15)
 18512 | D:12     | Noticed dertzug's ghost (journeyman OgBe)
 18514 | D:12     | Found a transporter.
 18517 | D:12     | Found a transporter.
 18798 | D:12     | XOM: divination: detect creatures
 19271 | D:13     | Reached XP level 14. HP: 62/66 MP: 21/21
 19367 | D:13     | Reached skill level 11 in Shapeshifting
 19554 | D:13     | XOM: noise
 19589 | D:13     | XOM: noise
 19598 | D:13     | XOM: noise
 19913 | D:13     | XOM is BORED!
 19913 | D:13     | XOM: summons 5 hostile demons
 20083 | D:13     | XOM: silly message
 20153 | D:14     | XOM: destruction
 20212 | D:14     | Noticed Agnes
 20214 | D:14     | XOM: confusion (+ monsters)
 20236 | D:14     | Slain by Agnes
 20237 | D:14     | Killed Agnes
 20343 | D:14     | Reached skill level 12 in Shapeshifting
 20373 | D:14     | XOM: give mutation
 20373 | D:14     | Gained mutation: You have a pair of small antennae on your
                  | head. [Xom's mischief]
 20514 | D:14     | XOM: enchant monster (good)
 20543 | D:14     | XOM: 2-stop teleportation journey
 20576 | D:14     | XOM: 1-stop teleportation journey
 20579 | D:14     | XOM: noise
 20627 | D:14     | XOM: 3-stop teleportation journey
 20757 | D:13     | XOM: cast spell 'Death Channel'
 20758 | D:13     | XOM: noise
 20939 | D:13     | XOM: scenery: 1 doors close
 21069 | D:14     | XOM: silly message
 21080 | D:14     | XOM: potion effect (invisibility)
 21161 | D:14     | XOM: polymorph boulder beetle -> bunyip
 21270 | D:14     | XOM: 6-stop teleportation journey
 21275 | D:14     | XOM: cloud trail
 21313 | D:13     | XOM: god gift: leather armour {god gift}
 21344 | D:13     | XOM: summons 8 friendly demons
 21361 | D:13     | XOM: give mutations
 21361 | D:13     | Gained mutation: You have a somewhat thin skeletal
                  | structure. (Dex +2, Stealth+) [Xom's grace]
 21361 | D:13     | Gained mutation: You are somewhat resistant to further
                  | mutation. [Xom's grace]
 21361 | D:13     | Gained mutation: You are partially covered in iridescent
                  | scales. (AC +2) [Xom's grace]
 21361 | D:13     | Gained mutation: You expend magic power (3 MP) to
                  | strengthen your wands. [Xom's grace]
 21545 | D:14     | Reached skill level 11 in Fighting
 21547 | D:14     | XOM: cloud trail
 21783 | D:14     | Found a gate to the Vaults.
 21856 | D:14     | XOM: cloud trail
 21971 | D:14     | XOM: destruction
 21980 | D:14     | XOM: fake destruction
 22003 | D:14     | XOM: god gift: book of Dreams
 22175 | Lair:5   | XOM: torment (35/67 hp)
 22184 | Lair:4   | XOM: give mutation
 22184 | Lair:4   | Gained mutation: You are strong-willed. (Will+) [Xom's
                  | mischief]
 22198 | Lair:5   | XOM: 1-stop teleportation journey
 22220 | Lair:5   | XOM: polymorph elephant -> orb spider
 22280 | Lair:5   | Reached skill level 13 in Unarmed Combat
 22356 | Lair:5   | Reached skill level 12 in Dodging
 22642 | Lair:5   | XOM: cast spell 'Metabolic Englaciation'
 22666 | Lair:5   | XOM: summons 5 friendly demons
 22684 | Lair:5   | XOM: cleaving
 22686 | Lair:5   | XOM: fake destruction
 22905 | Lair:5   | XOM: divination: detect items
 22957 | Lair:5   | XOM: divination: detect items
 23092 | Lair:5   | XOM: give mutations
 23092 | Lair:5   | Lost mutation: You are strong-willed. (Will+) [Xom's
                  | mischief]
 23092 | Lair:5   | Gained mutation: Your system is resistant to poisons.
                  | (rPois) [Xom's mischief]
 23092 | Lair:5   | Lost mutation: Your flesh is heat resistant. (rF+) [Xom's
                  | mischief]
 23092 | Lair:5   | Lost mutation: You are somewhat resistant to further
                  | mutation. [Xom's mischief]
 23092 | Lair:5   | Gained mutation: You have hidden genetic potential. [Xom's
                  | mischief]
 23111 | Lair:5   | Identified the +9 long sword of Bloody Death {heavy, Int+5}
 23388 | D:9      | XOM: give mutation
 23388 | D:9      | Lost mutation: You sometimes lose the ability to read
                  | scrolls when taking damage. [Xom's mischief]
 23421 | Orc:2    | Killed Saint Roka the golden dragon
 23848 | Orc:2    | XOM: polymorph troll -> salamander
 23901 | Orc:2    | Found a staircase to the Elven Halls.
 24045 | Orc:2    | XOM: stat loss: -1 Dex (20/21)
 24082 | Orc:2    | XOM: cleaving
 24108 | Orc:2    | Reached skill level 13 in Dodging
 24116 | Orc:2    | Reached skill level 12 in Fighting
 24133 | Orc:2    | XOM: polymorph two-headed ogre -> slime creature
 24183 | Orc:2    | XOM: confusion (+ monsters)
 24235 | Orc:2    | XOM: divination: detect items
 24238 | Orc:2    | XOM: confusion (+ monsters)
 24243 | Orc:2    | Reached XP level 15. HP: 53/72 MP: 22/22
 24277 | Orc:2    | XOM: confusion (+ monsters)
 24280 | Orc:2    | XOM: polymorph ogre -> wyvern
 24290 | Orc:2    | XOM: chaos upgrade
 24298 | Orc:2    | Reached skill level 14 in Unarmed Combat
 24312 | Orc:2    | Found Cejewad's Weapon Shop.
 24314 | Orc:2    | Found Xugaps's Distillery.
 24321 | Orc:2    | Found Naqeefo's Antique Armour Emporium.
 24383 | Orc:2    | XOM: enchant monster (bad)
 24406 | Orc:2    | Found Elirhiesch's Antique Armour Shop.
 24612 | Orc:2    | Bought a potion of lignification for 42 gold pieces
 24612 | Orc:2    | Bought a potion of heal wounds for 70 gold pieces
 24612 | Orc:2    | Bought a potion of curing for 42 gold pieces
 24612 | Orc:2    | Bought a potion of enlightenment for 70 gold pieces
 24612 | Orc:2    | Bought a potion of lignification for 42 gold pieces
 24612 | Orc:2    | Bought 2 potions of curing for 84 gold pieces
 24811 | D:15     | Entered Level 15 of the Dungeon
 24861 | D:15     | XOM: summons friendly crimson imp
 24883 | D:15     | XOM: give mutations
 24883 | D:15     | Gained mutation: Your spells are harder to cast, but more
                  | powerful. [Xom's mischief]
 24883 | D:15     | Lost mutation: You have a somewhat thin skeletal structure.
                  | (Dex +2, Stealth+) [Xom's mischief]
 24883 | D:15     | Lost mutation: You expend magic power (3 MP) to strengthen
                  | your wands. [Xom's mischief]
 24883 | D:15     | Gained mutation: Your magical capacity is low. (-10% MP)
                  | [Xom's mischief]
 24888 | D:15     | XOM: 1-stop teleportation journey
 24927 | D:15     | XOM: confusion (+ monsters)
 24949 | D:15     | HP: 1/72 [cyclops/large rock (43)]
 24991 | D:15     | Reached skill level 15 in Unarmed Combat
 25016 | D:15     | Learned a level 2 spell: Passwall
 25029 | D:15     | XOM: 2-stop teleportation journey
 25032 | D:15     | XOM: 2-stop teleportation journey
 25086 | D:15     | XOM: enchant monster (bad)
 25136 | D:15     | XOM: polymorph deep troll -> wolf spider
 25182 | D:15     | XOM: 3-stop teleportation journey
 25202 | D:15     | XOM: cast spell 'Summon Cactus Giant'
 25205 | D:15     | XOM: 3-stop teleportation journey
 25215 | D:15     | XOM: potion effect (invisibility)
 25225 | D:15     | Reached skill level 5 in Evocations
 25261 | D:15     | XOM: give mutations
 25261 | D:15     | Gained mutation: You are strong-willed. (Will+) [Xom's
                  | grace]
 25261 | D:15     | Gained mutation: You passively map a small area around you.
                  | [Xom's grace]
 25261 | D:15     | Gained mutation: Your mind is acute. (Int +4, Str/Dex -1)
                  | [Xom's grace]
 25261 | D:15     | Gained mutation: You are resistant to electric shocks.
                  | (rElec) [Xom's grace]
 25321 | D:15     | Found a staircase to the Depths.
 25503 | D:15     | XOM: summons friendly crimson imp
 25527 | D:15     | XOM: polymorph crimson imp -> white imp
 25622 | D:15     | Reached skill level 6 in Evocations
 25766 | Snake:1  | Entered Level 1 of the Snake Pit
 25771 | Snake:1  | Reached skill level 14 in Dodging
 25957 | Snake:1  | XOM: destruction
 25965 | Snake:1  | XOM: divine lightning
 25967 | Snake:1  | XOM: snakes to sticks
 26093 | Snake:1  | Gained mutation: You have a pair of antennae on your head.
                  | [hidden potential]
 26231 | Snake:1  | Found Roakh's Vocational Training.
 26314 | Snake:1  | XOM: cloud trail
 26578 | Snake:1  | XOM: give mutation
 26578 | Snake:1  | Gained mutation: Your flesh is cold resistant. (rC+) [Xom's
                  | grace]
 26749 | Snake:1  | XOM: give mutations
 26749 | Snake:1  | Gained mutation: You are agile. (Dex +4, Str/Int -1) [Xom's
                  | grace]
 26749 | Snake:1  | Gained mutation: You are robust. (+10% HP) [Xom's grace]
 26749 | Snake:1  | Gained mutation: You have great hidden genetic potential.
                  | [Xom's grace]
 26749 | Snake:1  | Gained mutation: You expend magic power (3 MP) to
                  | strengthen your wands. [Xom's grace]
 26783 | Snake:1  | Found Wenga's Book Boutique.
 26785 | Snake:1  | Found Raypn's Jewellery Shop.
 26795 | Snake:1  | Found Kydoulod's Distillery.
 26802 | Snake:1  | Bought a potion of mutation for 112 gold pieces
 26802 | Snake:1  | Bought a potion of heal wounds for 70 gold pieces
 26802 | Snake:1  | Bought a potion of cancellation for 112 gold pieces
 26802 | Snake:1  | Bought a potion of curing for 42 gold pieces
 26802 | Snake:1  | Bought a potion of resistance for 140 gold pieces
 26802 | Snake:1  | Lost mutation: You are robust. (+10% HP) [potion of
                  | mutation]
 26802 | Snake:1  | Lost mutation: You are resistant to electric shocks.
                  | (rElec) [potion of mutation]
 26802 | Snake:1  | Lost mutation: You have great hidden genetic potential.
                  | [potion of mutation]
 26805 | Snake:1  | Bought the ring of Vusu {Will+ Slay+5} for 689 gold pieces
 26993 | Snake:2  | Noticed a nagaraja
 27000 | Snake:2  | XOM: smoke on damage
 27002 | Snake:2  | Killed a nagaraja
 27003 | Snake:2  | Reached skill level 7 in Evocations
 27047 | Snake:2  | XOM: cast spell 'Summon Small Mammal'
 27055 | Snake:2  | Reached skill level 15 in Dodging
 27176 | Snake:2  | Identified the +10 dire flail "Byirghud" {pain, Int+3}
 27234 | Snake:2  | XOM: enchant monster (good)
 27261 | Snake:2  | Reached skill level 13 in Fighting
 27329 | Snake:2  | XOM: noise
 27331 | Snake:2  | XOM: silly message
 27337 | Snake:2  | XOM: noise
 27342 | Snake:2  | XOM: confusion
 27346 | Snake:2  | Reached XP level 16. HP: 34/78 MP: 20/20
 27436 | Snake:2  | XOM: confusion (+ monsters)
 27551 | Snake:2  | Lost mutation: Your flesh is cold resistant. (rC+) [potion
                  | of mutation]
 27551 | Snake:2  | Lost mutation: Your magical capacity is low. (-10% MP)
                  | [potion of mutation]
 27551 | Snake:2  | Gained mutation: Your flesh is heat resistant. (rF+)
                  | [potion of mutation]
 27789 | Snake:3  | XOM: blink monster(s)
 27820 | Snake:3  | XOM: smoke on damage
 27912 | Snake:3  | Found a shadowy altar of Dithmenos.
 28023 | Snake:3  | Noticed Aizul
 28040 | Snake:3  | Killed Aizul
 28041 | Snake:3  | Reached skill level 14 in Fighting
 28214 | Snake:3  | XOM: give mutations
 28214 | Snake:3  | Gained mutation: You passively dampen the noise of your
                  | surroundings. [Xom's grace]
 28214 | Snake:3  | Gained mutation: You are mostly covered in iridescent
                  | scales. (AC +4) [Xom's grace]
 28214 | Snake:3  | Gained mutation: Your muscles are strong. (Str +4, Int/Dex
                  | -1) [Xom's grace]
 28214 | Snake:3  | Gained mutation: You are completely covered in iridescent
                  | scales. (AC +6) [Xom's grace]
 28232 | Snake:3  | XOM: silly message
 28492 | Snake:4  | Entered Level 4 of the Snake Pit
 28587 | Snake:4  | XOM: give mutations
 28587 | Snake:4  | Gained mutation: You passively map the area around you.
                  | [Xom's grace]
 28587 | Snake:4  | Gained mutation: You are highly strong-willed. (Will++)
                  | [Xom's grace]
 28587 | Snake:4  | Gained mutation: Your flesh is cold resistant. (rC+) [Xom's
                  | grace]
 28780 | Snake:4  | Reached skill level 5 in Spellcasting
 28852 | Snake:4  | XOM: confuse monster(s)
 28869 | Snake:4  | XOM: swap monsters
 28896 | Snake:4  | XOM: chaos upgrade
 29170 | Snake:4  | XOM: fog
 29208 | Snake:4  | Reached skill level 16 in Dodging
 29242 | Snake:4  | XOM: noise
 29243 | Snake:4  | XOM: silly message
 29264 | Snake:4  | XOM: scenery: summon butterflies
 29273 | Snake:4  | Reached skill level 6 in Spellcasting
 29354 | Snake:4  | XOM: summons 2 hostile shadow creatures
 29538 | Snake:4  | Found a runed translucent gate.
 29539 | Snake:4  | Found a runed translucent gate.
 29540 | Snake:4  | Found a runed translucent gate.
 29541 | Snake:4  | Noticed Opifex's ghost (adept MiSh)
 29639 | Snake:4  | XOM: stat loss: -1 Int (17/18)
 29801 | Snake:1  | XOM: noise
 29975 | Lair:3   | XOM: give mutations
 29975 | Lair:3   | Gained mutation: You are very agile. (Dex +8, Str/Int -2)
                  | [Xom's grace]
 29975 | Lair:3   | Gained mutation: You have a pair of large antennae on your
                  | head. (SInv) [Xom's grace]
 29975 | Lair:3   | Gained mutation: Your skin changes colour to match your
                  | surroundings (Stealth+). [Xom's grace]
 29975 | Lair:3   | Gained mutation: You have great hidden genetic potential.
                  | [Xom's grace]
 29985 | Lair:3   | XOM: polymorph boulder beetle -> five-headed hydra
 29993 | Lair:3   | Gained mutation: You possess an exceptional clarity of
                  | mind. [hidden potential]
 29993 | Lair:3   | Lost mutation: You have great hidden genetic potential.
                  | [hidden potential expressed]
 30009 | Lair:3   | XOM: swap monsters
 30034 | Lair:3   | Identified the +2 pair of boots of Paomov {Will+}
 30095 | Swamp:1  | Entered Level 1 of the Swamp
 30152 | Swamp:1  | Reached skill level 17 in Dodging
 30190 | Swamp:1  | XOM: 2-stop teleportation journey
 30300 | Swamp:1  | XOM: cleaving
 30400 | Swamp:1  | XOM: 2-stop teleportation journey
 30465 | Swamp:1  | Learned a level 2 spell: Blink
 30468 | Swamp:1  | Learned a level 2 spell: Lesser Beckoning
 30545 | Swamp:1  | Reached skill level 1 in Translocations
 30552 | Swamp:1  | XOM: polymorph swamp worm -> death drake
 30633 | Swamp:1  | Reached skill level 2 in Translocations
 30907 | Swamp:2  | Reached skill level 3 in Translocations
 30927 | Swamp:2  | Reached skill level 4 in Translocations
 30943 | Swamp:2  | XOM: fake destruction
 30985 | Swamp:2  | XOM: summons friendly crimson imp
 31107 | Swamp:2  | Reached skill level 5 in Translocations
 31144 | Swamp:2  | Reached skill level 18 in Dodging
 31155 | Swamp:2  | Reached skill level 6 in Translocations
 31368 | Swamp:3  | XOM: summons 4 friendly demons
 31370 | Swamp:3  | Reached skill level 7 in Translocations
 31396 | Swamp:3  | Identified the amulet "Bess" {RegenMP rC+ rCorr Dex+3}
 31440 | Swamp:3  | Reached skill level 8 in Translocations
 31488 | Swamp:3  | Noticed a thorn hunter
 31515 | Swamp:3  | Killed a thorn hunter
 31516 | Swamp:3  | Reached XP level 17. HP: 33/83 MP: 27/27
 31643 | Swamp:3  | XOM: silly message
 31931 | Swamp:4  | Entered Level 4 of the Swamp
 31990 | Swamp:4  | XOM: potion effect (brilliance)
 32127 | Swamp:4  | XOM: summons friendly crimson imp
 32281 | Swamp:4  | XOM: scenery: create altars
 32322 | Swamp:4  | XOM: stat loss: -1 Str (6/9)
 32323 | Swamp:4  | XOM: silly message
 32326 | Swamp:4  | XOM: summons 9 hostile demons
 32424 | Swamp:4  | XOM: 2-stop teleportation journey
 32431 | Swamp:4  | XOM: draining
 32435 | Swamp:4  | XOM: give mutations
 32435 | Swamp:4  | Lost mutation: You sometimes lose the ability to drink
                  | potions when taking damage. [Xom's mischief]
 32435 | Swamp:4  | Lost mutation: You occasionally lose the ability to drink
                  | potions when taking damage. [Xom's mischief]
 32481 | Swamp:4  | XOM: give mutations
 32481 | Swamp:4  | Lost mutation: You expend magic power (3 MP) to strengthen
                  | your wands. [Xom's mischief]
 32481 | Swamp:4  | Lost mutation: You passively dampen the noise of your
                  | surroundings. [Xom's mischief]
 32648 | Swamp:4  | Gained mutation: You are robust. (+10% HP) [hidden
                  | potential]
 32674 | Swamp:4  | XOM: polymorph polar bear -> entropy weaver
 32687 | Swamp:4  | Reached skill level 19 in Dodging
 32741 | Swamp:4  | Reached skill level 15 in Fighting
 32814 | Swamp:4  | Reached skill level 16 in Unarmed Combat
 32851 | Swamp:4  | XOM: stat loss: -1 Str (8/9)
 32927 | Swamp:4  | Got a decaying rune of Zot
 33083 | Swamp:4  | XOM: draining
 33352 | Vaults:5 | Identified the "Sauriatre"
 33352 | Crypt:3  | Identified the "Xuogah"
 33352 | Crypt:3  | Identified the of Veluyj
 33352 | Depths:3 | Identified the of Muomer
 33352 | Depths:3 | Identified the "Turre"
 33352 | Elf:1    | Entered Level 1 of the Elven Halls
 33359 | Elf:1    | XOM: fog
 33460 | Elf:1    | XOM: scenery: create altars
 33484 | Elf:1    | XOM: blink monster(s)
 33494 | Elf:1    | XOM: fog
 33594 | Elf:1    | XOM: enchant monster (bad)
 33688 | Elf:1    | XOM: noise
 33707 | Elf:1    | Reached XP level 18. HP: 99/99 MP: 28/28
 33823 | Elf:1    | Reached skill level 20 in Dodging
 34134 | Elf:1    | Found Lifiphec's General Store.
 34213 | Elf:2    | XOM: silly message
 34268 | Elf:2    | XOM: 1-stop teleportation journey
 34303 | Elf:2    | Reached skill level 16 in Fighting
 34381 | Elf:2    | XOM: blink monster(s)
 34385 | Elf:2    | XOM: summons friendly iron imp
 34404 | Elf:2    | XOM: god gift: 19 gold pieces
 34468 | Elf:2    | XOM: summons 2 hostile demons
 34471 | Elf:2    | XOM: chaos upgrade
 34477 | Elf:2    | XOM: chaos upgrade
 34486 | Elf:2    | Reached skill level 17 in Unarmed Combat
 34489 | Elf:2    | XOM: 2-stop teleportation journey
 34532 | Elf:2    | XOM: swap monsters
 34541 | Elf:2    | Found a runed translucent gate.
 34541 | Elf:2    | Found a runed translucent gate.
 34541 | Elf:2    | Found a runed translucent gate.
 34541 | Elf:2    | XOM: swap monsters
 34555 | Elf:2    | XOM: give mutation
 34555 | Elf:2    | Lost mutation: You passively map the area around you.
                  | [Xom's mischief]
 34556 | Elf:2    | XOM: chaos upgrade
 34575 | Elf:2    | XOM: enchant monster (bad)
 34580 | Elf:2    | XOM: enchant monster (bad)
 34587 | Elf:2    | Gained mutation: You are very robust. (+20% HP) [hidden
                  | potential]
 34587 | Elf:2    | Lost mutation: You have hidden genetic potential. [hidden
                  | potential expressed]
 34589 | Elf:2    | XOM: enchant monster (bad)
 34595 | Elf:2    | XOM: swap monsters
 34596 | Elf:2    | XOM: chaos cloud
 34600 | Elf:2    | XOM: butterfly on damage
 34609 | Elf:2    | XOM: confuse monster(s)
 34853 | Elf:3    | Identified the of Duomosewn
 34853 | Elf:3    | Identified the of Cyxeok
 34853 | Elf:3    | Identified the "Dampiram"
 34853 | Elf:3    | XOM: stealth player
 34853 | Elf:3    | Entered Level 3 of the Elven Halls
 34919 | Elf:2    | XOM: 1-stop teleportation journey
 35170 | Vaults:1 | Entered Level 1 of the Vaults
 35226 | Vaults:1 | XOM: enchant monster (bad)
 35259 | Vaults:1 | Found a flickering gateway to a bazaar.
 35264 | Bazaar   | Entered a bazaar
 35264 | Bazaar   | Found Gohecly's Antique Armour Shoppe.
 35264 | Bazaar   | Found Siecoesm's Jewellery Emporium.
 35267 | Bazaar   | Found Caogh's Book Emporium.
 35274 | Bazaar   | Found Teotyzirph's General Store.
 35282 | Bazaar   | Bought a wand of charming (5) for 144 gold pieces
 35282 | Bazaar   | Bought a wand of iceblast (4) for 115 gold pieces
 35292 | Bazaar   | Bought the ring "Rircha" {rElec rC- rN+ Dex+6 Slay+2} for
                  | 720 gold pieces
 35337 | Vaults:1 | Found a magical portal.
 35346 | WizLab   | Entered Doroklohe's Tomb
 35383 | Vaults:1 | XOM: 5-stop teleportation journey
 35650 | Vaults:1 | a tengu reaver changed into a golden dragon
 35650 | Vaults:1 | Noticed a golden dragon
 35650 | Vaults:1 | XOM: polymorph tengu reaver -> golden dragon
 35661 | Vaults:1 | XOM: enchant monster (good)
 35701 | Vaults:1 | Killed a golden dragon
 35727 | Vaults:1 | Reached skill level 17 in Fighting
 35869 | Vaults:1 | XOM: noise
 35919 | Vaults:1 | XOM: cast spell 'Summon Dragon'
 35949 | Vaults:1 | XOM: give mutations
 35949 | Vaults:1 | Lost mutation: You occasionally lose the ability to read
                  | scrolls when taking damage. [Xom's mischief]
 35949 | Vaults:1 | Lost mutation: Your flesh is heat resistant. (rF+) [Xom's
                  | mischief]
 35949 | Vaults:1 | Lost mutation: Your mind is acute. (Int +4, Str/Dex -1)
                  | [Xom's mischief]
 35949 | Vaults:1 | Lost mutation: Your skin changes colour to match your
                  | surroundings (Stealth+). [Xom's mischief]
 36024 | Vaults:1 | Reached skill level 18 in Unarmed Combat
 36321 | Vaults:2 | XOM: potion effect (brilliance)
 36370 | Vaults:2 | XOM: enchant monster (bad)
 36445 | Vaults:2 | Found Woetie's Weapon Emporium.
 36509 | Vaults:2 | XOM: scenery: 2 doors close
 36723 | Vaults:2 | XOM: noise
 36731 | Vaults:2 | You fall into a shaft and drop 2 floors!
 36753 | Vaults:4 | Reached XP level 19. HP: 115/115 MP: 27/29
 36759 | Vaults:4 | Reached skill level 19 in Unarmed Combat
 36761 | Vaults:4 | XOM: divination: detect items
 36781 | Vaults:4 | XOM: enchant monster (bad)
 36970 | Vaults:4 | XOM: swap monsters
 37007 | Vaults:3 | XOM: polymorph ironbound convoker -> shapeshifter
 37022 | Vaults:3 | XOM: silly message
 37033 | Vaults:3 | XOM: silly message
 37174 | Vaults:3 | XOM: potion effect (invisibility)
 37245 | Vaults:3 | Found a runed translucent gate.
 37249 | Vaults:3 | Found a runed translucent gate.
 37254 | Vaults:3 | XOM: silly message
 37292 | Vaults:3 | XOM: potion effect (heal wounds)
 37295 | Vaults:3 | XOM: potion effect (brilliance)
 37328 | Vaults:3 | Reached skill level 20 in Unarmed Combat
 37371 | Vaults:3 | XOM: god gift: 12 gold pieces
 37482 | Vaults:3 | Found a staircase to the Crypt.
 37706 | Vaults:3 | XOM: cast spell 'Summon Ice Beast'
 37757 | Vaults:3 | XOM: god gift: 28 gold pieces
 37836 | Vaults:3 | XOM: divination: magic mapping
 37840 | Vaults:3 | Reached skill level 8 in Evocations
 37883 | Vaults:3 | XOM: polymorph ironbound preserver -> shapeshifter
 37887 | Vaults:3 | XOM: enchant monster (good)
 38182 | Vaults:3 | XOM: enchant monster (good)
 38365 | Vaults:3 | Found a runed translucent gate.
 38385 | Vaults:3 | Found Paphisti's Antique Weapon Boutique.
 38388 | Vaults:3 | XOM: give mutation
 38388 | Vaults:3 | Lost mutation: You have a pair of large antennae on your
                  | head. (SInv) [Xom's mischief]
 38419 | Vaults:3 | XOM: give mutations
 38419 | Vaults:3 | Lost mutation: You are very robust. (+20% HP) [Xom's
                  | mischief]
 38419 | Vaults:3 | Lost mutation: You are highly strong-willed. (Will++)
                  | [Xom's mischief]
 38419 | Vaults:3 | Lost mutation: You passively map a small area around you.
                  | [Xom's mischief]
 38461 | Vaults:3 | XOM: enchant monster (good)
 38462 | Vaults:3 | Reached skill level 9 in Evocations
 38469 | Vaults:3 | XOM: divination: magic mapping
 38585 | Vaults:3 | XOM: summons 5 hostile demons
 38640 | Vaults:3 | Noticed Lolleill's ghost (adept DgSh)
 38643 | Vaults:3 | Identified the +1 rapier of Doty {heavy, Int+4 Dex+3 SInv}
 38644 | Vaults:3 | Identified the +5 chain mail of Hedonism {-Cast *Slow rElec
                  | rPois}
 38758 | Vaults:3 | XOM: give mutations
 38758 | Vaults:3 | Gained mutation: You are somewhat resistant to further
                  | mutation. [Xom's grace]
 38758 | Vaults:3 | Gained mutation: Your mind is acute. (Int +4, Str/Dex -1)
                  | [Xom's grace]
 38758 | Vaults:3 | Gained mutation: You are partially covered in large bone
                  | plates. (SH +4) [Xom's grace]
 38768 | Vaults:3 | Identified the +2 ring mail of the Rhinotaur {+Inv}
 38896 | Vaults:2 | XOM: potion effect (berserk rage)
 38917 | Vaults:2 | Reached skill level 18 in Fighting
 38926 | Vaults:2 | XOM: summons friendly crimson imp
 38927 | Vaults:2 | Reached skill level 10 in Evocations
 39125 | Vaults:2 | XOM: smoke on damage
 39128 | Vaults:2 | XOM: enchant monster (good)
 39138 | Vaults:2 | XOM: give mutations
 39138 | Vaults:2 | Lost mutation: You are completely covered in iridescent
                  | scales. (AC +6) [Xom's mischief]
 39138 | Vaults:2 | Lost mutation: You are very agile. (Dex +8, Str/Int -2)
                  | [Xom's mischief]
 39148 | Vaults:2 | XOM: swap monsters
 39151 | Vaults:2 | Slain by an ironbound frostheart
 39185 | Vaults:2 | XOM: swap monsters
 39270 | Vaults:2 | Reached XP level 20. HP: 113/113 MP: 27/30
 39296 | Vaults:2 | Reached skill level 11 in Evocations
 39489 | Vaults:2 | XOM: god gift: 3 scrolls of fear
 39507 | Vaults:2 | XOM: summons 2 friendly demons
 39510 | Vaults:2 | XOM: fog
 39532 | Vaults:2 | XOM: scenery: create altars
 39533 | Vaults:2 | XOM: noise
 39685 | Vaults:4 | XOM: divination: magic mapping
 39764 | Vaults:4 | XOM: noise
 39785 | Vaults:4 | Reached skill level 12 in Evocations
 39797 | Vaults:4 | Reached skill level 19 in Fighting
 39917 | Vaults:4 | XOM: cast spell 'Call Canine Familiar'
 39952 | Vaults:4 | XOM: polymorph hound -> shapeshifter
 39982 | Vaults:4 | XOM: summons friendly iron imp
 39989 | Vaults:4 | XOM: 8-stop teleportation journey
 40039 | Vaults:4 | XOM: summons 11 hostile demons
 40126 | Vaults:4 | XOM: scenery: 2 doors open
 40274 | Vaults:4 | XOM: swap monsters
 40469 | Vaults:4 | XOM: summons 2 hostile shadow creatures
 40756 | Vaults:1 | XOM: silly message
 40817 | Depths:1 | Entered Level 1 of the Depths
 40951 | Depths:1 | XOM: smoke on damage
 40966 | Depths:1 | XOM: cleaving
 41097 | Depths:1 | Reached skill level 20 in Fighting
 41127 | Depths:1 | XOM: summons 3 friendly demons
 41153 | Depths:1 | XOM: confuse monster(s)
 41160 | Depths:1 | XOM: scenery: 1 doors close
 41322 | Depths:1 | XOM: fog
 41325 | Depths:1 | Reached skill level 13 in Shapeshifting
 41365 | Depths:1 | XOM: summons 8 friendly demons
 41399 | Depths:1 | XOM: fog
 41553 | Depths:1 | XOM: 4-stop teleportation journey
 41621 | Depths:1 | Found a gateway to Hell.
 41721 | Depths:1 | XOM: smoke on damage
 41725 | Depths:1 | XOM: scenery: summon butterflies
 41802 | Depths:1 | XOM: cleaving
 41859 | Depths:1 | Found a one-way gateway to a ziggurat.
 42077 | Depths:1 | Reached skill level 14 in Shapeshifting
 42279 | Depths:2 | XOM: potion effect (might)
 42408 | Depths:2 | XOM: summons friendly neqoxec
 42414 | Depths:2 | XOM: polymorph neqoxec -> ynoxinul
 42443 | Depths:2 | XOM: enchant monster (good)
 42533 | Depths:2 | Reached XP level 21. HP: 108/119 MP: 31/31
 42539 | Depths:2 | XOM: god gift: wand of charming (7)
 42552 | Depths:2 | XOM: destruction
 42561 | Depths:2 | Reached skill level 15 in Shapeshifting
 42588 | Depths:2 | Noticed a golden dragon
 42598 | Depths:2 | Killed a golden dragon
 42748 | Depths:2 | XOM: 5-stop teleportation journey
 42778 | Depths:2 | Found a one-way gate leading to the halls of Pandemonium.
 42811 | Depths:2 | XOM: noise
 42918 | Depths:2 | Found a one-way gate to the infinite horrors of the Abyss.
 43017 | Depths:3 | XOM: scenery: create altars
 43020 | Depths:3 | XOM: potion effect (brilliance)
 43021 | Depths:3 | XOM: divination: magic mapping
 43035 | Depths:3 | XOM: destruction
 43042 | Depths:3 | XOM: smoke on damage
 43050 | Depths:2 | Reached skill level 16 in Shapeshifting
 43147 | Depths:3 | XOM: cast spell 'Disjunction'
 43161 | Depths:3 | XOM: confuse monster(s)
 43174 | Depths:2 | XOM: scenery: summon butterflies
 43236 | Depths:3 | XOM: cleaving
 43262 | Depths:3 | XOM: give mutations
 43262 | Depths:3 | Gained mutation: Your natural rate of healing is unusually
                  | fast. [Xom's grace]
 43262 | Depths:3 | Gained mutation: Your muscles are very strong. (Str +8,
                  | Int/Dex -2) [Xom's grace]
 43268 | Depths:3 | XOM: potion effect (invisibility)
 43286 | Depths:3 | XOM: divination: detect creatures
 43486 | Depths:3 | XOM: divination: detect items
 43503 | Depths:4 | XOM: stealth player
 43503 | Depths:4 | Entered Level 4 of the Depths
 43542 | Depths:4 | XOM: cast spell 'Leda's Liquefaction'
 43596 | Depths:4 | Reached skill level 17 in Shapeshifting
 43652 | Depths:4 | XOM: divination: detect items
 43684 | Depths:4 | Found a radiant altar of Vehumet.
 43707 | Depths:4 | XOM: silly message
 43711 | Depths:4 | XOM: cast spell 'Leda's Liquefaction'
 43780 | Depths:4 | Noticed a golden dragon
 43790 | Depths:4 | Killed a golden dragon
 44268 | Depths:4 | XOM: cast spell 'Summon Small Mammal'
 44283 | Depths:4 | Reached skill level 18 in Shapeshifting
 44289 | Depths:4 | Found a gate to the Realm of Zot.
 44737 | Depths:4 | Noticed a caustic shrike
 44742 | Depths:4 | Noticed a caustic shrike
 44742 | Depths:4 | Noticed a caustic shrike
 44744 | Depths:4 | Noticed a caustic shrike
 44749 | Depths:4 | Killed a caustic shrike
 44750 | Depths:4 | XOM: potion effect (brilliance)
 44753 | Depths:4 | Noticed a caustic shrike
 44755 | Depths:4 | Killed a caustic shrike
 44761 | Depths:4 | Killed a caustic shrike
 44776 | Depths:4 | XOM: blink monster(s)
 44781 | Depths:4 | Killed a caustic shrike
 44782 | Depths:4 | Killed a caustic shrike
 45098 | D:12     | XOM: blink monster(s)
 45099 | D:12     | Killed dertzug's ghost
 45298 | Snake:3  | XOM: summons 1 hostile demon
 45352 | Snake:4  | XOM: draining
 45479 | Snake:4  | Killed Opifex's ghost
 45480 | Snake:4  | Reached XP level 22. HP: 107/117 MP: 32/32
 45739 | Snake:4  | XOM: enchant monster (bad)
 45745 | Snake:4  | XOM: stat loss: -1 Int (17/18)
 45761 | Snake:4  | XOM: chaos cloud
 45766 | Snake:4  | Paralysed by you for 5 turns
 45771 | Snake:4  | XOM: fake destruction
 45813 | Snake:4  | Noticed Vashnia
 45813 | Snake:4  | XOM: cleaving
 45821 | Snake:4  | Killed Vashnia
 45924 | Snake:4  | Got a serpentine rune of Zot
 46240 | Elf:3    | XOM: destruction
 46426 | Elf:3    | XOM: summons 2 friendly demons
 46639 | Elf:3    | XOM: cleaving
 46880 | Elf:3    | XOM: god gift: 3 stones
 46968 | Elf:3    | XOM: give mutation
 46968 | Elf:3    | Gained mutation: Your flesh is very cold resistant. (rC++)
                  | [Xom's grace]
 46971 | Elf:3    | XOM: scenery: summon butterflies
 47024 | Elf:3    | Reached skill level 19 in Shapeshifting
 47039 | Elf:3    | XOM: smoke on damage
 47049 | Elf:3    | XOM: god gift: wand of flame (6)
 47075 | Elf:3    | XOM: 1-stop teleportation journey
 47115 | Elf:3    | XOM: 5-stop teleportation journey
 47206 | Elf:3    | Identified the +6 quarterstaff "EnegeticOcto's Bane"
                  | {venom, Str+6 Int-2}
 47215 | Elf:3    | Reached skill level 13 in Evocations
 47222 | Elf:3    | Identified the ring of Yredelemnul's Whim {Wiz rC+}
 47251 | Elf:3    | Identified the +5 ring mail "Xasaiw" {rElec}
 47256 | Elf:3    | Identified the staff of Nightmares {Fly rElec Stlth+ Air}
 47296 | Elf:3    | Identified the +5 mace "Viggaip" {heavy, MP+9}
 47314 | Elf:3    | Found the +8 demon trident "Rift" {distort, reach+}
 47333 | Elf:3    | Identified the ring of Wishful Thinking {rF+ Will+ EV+5
                  | Str-4 SInv}
 47521 | Elf:3    | XOM: silly message
 47544 | Elf:2    | XOM: stat loss: -1 Str (9/10)
 47839 | Vaults:5 | Entered Level 5 of the Vaults
 47865 | Vaults:5 | XOM: enchant monster (bad)
 47880 | Vaults:5 | XOM: polymorph lindwurm -> glowing shapeshifter
 47896 | Vaults:5 | Noticed a golden dragon
 47910 | Vaults:5 | Killed a golden dragon
 47927 | Vaults:5 | XOM: 5-stop teleportation journey
 47930 | Vaults:5 | XOM: potion effect (brilliance)
 47931 | Vaults:5 | XOM: scenery: create altars
 47945 | Vaults:5 | Reached skill level 14 in Evocations
 47945 | Vaults:5 | XOM: butterfly on damage
 47947 | Vaults:5 | Noticed a golden dragon
 47964 | Vaults:5 | Killed a golden dragon
 48026 | Vaults:5 | XOM: 3-stop teleportation journey
 48088 | Vaults:5 | XOM: divination: detect items
 48167 | Vaults:5 | XOM: summons 4 friendly demons
 48200 | Vaults:5 | Reached skill level 15 in Evocations
 48276 | Vaults:5 | Got a silver rune of Zot
 48299 | Vaults:5 | Reached skill level 9 in Ice Magic
 48315 | Vaults:5 | Reached XP level 23. HP: 107/130 MP: 33/33
 48359 | Vaults:5 | XOM: summons friendly shadow imp
 48372 | Vaults:5 | Identified the ring of Miut {Drain rN+ Str+3 Dex+6}
 48393 | Vaults:5 | XOM: summons 12 friendly demons
 48422 | Vaults:5 | Reached skill level 10 in Ice Magic
 48507 | Vaults:5 | Identified the +0 shadow dragon scales of the Learner
                  | {Dex+2 Stlth++++}
 48523 | Vaults:5 | Identified the +1 cloak of Daicy {rPois rN+++ Int-4 Stlth-}
 48526 | Vaults:5 | Identified the staff "Jidoi" {rPois rC+ Dex+3 Ice}
 48648 | Vaults:5 | Reached skill level 11 in Ice Magic
 48747 | Vaults:5 | XOM: give mutations
 48747 | Vaults:5 | Lost mutation: You are somewhat resistant to further
                  | mutation. [Xom's grace]
 48747 | Vaults:5 | Gained mutation: You have hidden genetic potential. [Xom's
                  | grace]
 48747 | Vaults:5 | Gained mutation: A frigid envelope surrounds you and
                  | freezes all who hurt you. [Xom's grace]
 48747 | Vaults:5 | Gained mutation: You have an increased reservoir of magic.
                  | (+10% MP) [Xom's grace]
 48764 | Vaults:5 | Identified the +5 hand axe of Sequestration {flame, rElec
                  | Int+5}
 48792 | Vaults:5 | XOM: polymorph shadow dragon -> fire giant
 48853 | Vaults:5 | XOM: scenery: create altars
 48862 | Vaults:5 | Reached skill level 12 in Ice Magic
 48862 | Vaults:5 | XOM: potion effect (brilliance)
 48869 | Vaults:5 | XOM: god gift: 528 gold pieces
 49614 | Vaults:5 | XOM: god gift: wand of charming (5)
 49623 | Vaults:5 | XOM: god gift: potion of mutation
 49648 | Vaults:5 | Found a shimmering altar of Xom.
 49648 | Vaults:5 | Found a shimmering altar of Xom.
 49648 | Vaults:5 | Found a shimmering altar of Xom.
 49691 | Vaults:5 | XOM: god gift: wand of iceblast (5)
 49925 | Vaults:5 | Found a shimmering altar of Xom.
 50049 | Vaults:5 | Found a shimmering altar of Xom.
 50054 | Vaults:5 | Found a shimmering altar of Xom.
 50188 | Vaults:5 | XOM: give mutation
 50188 | Vaults:5 | Gained mutation: You are very robust. (+20% HP) [Xom's
                  | grace]
 50393 | Zot:1    | Identified the "Warur"
 50393 | Zot:1    | Entered Level 1 of the Realm of Zot
 50393 | Zot:1    | Found the +2 hat of the Bear Spirit {Spirit, Bear, *Rage
                  | Will++}
 50424 | Zot:1    | XOM: give mutations
 50424 | Zot:1    | Gained mutation: Your skin changes colour to match your
                  | surroundings (Stealth+). [Xom's grace]
 50424 | Zot:1    | Gained mutation: You passively dampen the noise of your
                  | surroundings. [Xom's grace]
 50424 | Zot:1    | Gained mutation: Your flesh is heat resistant. (rF+) [Xom's
                  | grace]
 50424 | Zot:1    | Gained mutation: Your flesh is almost immune to the effects
                  | of cold. (rC+++) [Xom's grace]
 50478 | Zot:1    | Reached skill level 16 in Evocations
 50551 | Zot:3    | XOM: destruction
 50553 | Zot:3    | XOM: cast spell 'Metabolic Englaciation'
 50575 | Zot:3    | XOM: give mutations
 50575 | Zot:3    | Gained mutation: You are extremely robust. (+30% HP) [Xom's
                  | grace]
 50575 | Zot:3    | Gained mutation: You are completely covered in iridescent
                  | scales. (AC +6) [Xom's grace]
 50582 | Zot:3    | XOM: scenery: create altars
 50587 | Zot:3    | XOM: scenery: create altars
 50622 | Zot:4    | XOM: scenery: create altars
 50686 | Zot:4    | Reached skill level 17 in Evocations
 50739 | Zot:5    | Entered Level 5 of the Realm of Zot
 50811 | Zot:5    | Noticed an ancient lich
 50811 | Zot:5    | XOM: 1-stop teleportation journey
 50812 | Zot:5    | Killed an ancient lich
 50825 | Zot:5    | Noticed an orb of fire
 50829 | Zot:5    | Noticed a Killer Klown
 50834 | Zot:5    | Got the Orb of Zot
 50839 | Zot:5    | Noticed a Killer Klown
 50840 | Zot:5    | Noticed an orb of fire
 50841 | Zot:5    | Noticed an orb of fire
 50841 | Zot:5    | Noticed an orb of fire
 50842 | Zot:5    | Gained mutation: You occasionally shout uncontrollably at
                  | your foes. [an orb of fire]
 50849 | Zot:5    | Noticed a Killer Klown
 50875 | Zot:5    | XOM: enchant monster (bad)
 51101 | D:10     | Reached skill level 6 in Stealth
 51218 | D:6      | XOM: summons 3 hostile demons
 51298 | D:$      | Escaped with the Orb!

Illustrated notes

Levels and vault maps discovered:
D:1:      dpeg_arrival_tiny_k, layout_rooms,
          shapermc_ecumenical_altar_mp_vishouse
D:2:      layout_basic, serial_shops, nicolae_shop_stone, minmay_hedge_maze
D:3:      minmay_skewed_foursquare, layout_basic,
          mainiacjoe_overflow_small_starburst, gup_sewer_entry_bowl,
          serial_corexii_hall, corexii_hall_statues_i, corexii_hall_statues_x
D:4:      layout_basic
D:5:      minmay_general_purpose_star, layout_basic, nemelex_dance_club_becter,
          jmf_multi_god_temple, kennysheep_another_room,
          minmay_chambers_of_fives
D:6:      layout_basic, cheibrodos_worm_habitat,
          nicolae_qazlal_beasts_of_the_sky, serial_bayou_pond_a, uniq_menkaure
D:7:      layout_cave_pools, temple_green,
          hellmonk_guarded_unrand_vitality_bloodlust
D:8:      layout_loops_ring, nicolae_uskayaw_dance_hall, special_room
          [special_room_orc], st_stairs_14, grunt_ministairs_8
D:9:      layout_long_grid, grunt_gozag_breadcrumbs, erik_orc_1
D:10:     layout_cave_pools, lemuel_tele_altar, hellmonk_lair_entry_icy
D:11:     layout_cave_pods, pdpol_wu_jian_five_deadly_venoms, uniq_urug
D:12:     layout_long_grid, gammafunk_ghost_hive
D:13:     kennysheep_blocky_room, layout_loops_corners
D:14:     layout_irregular_city, david_vaults_5, dreamdust_princess_corridor,
          uniq_agnes
D:15:     hangedman_depths_entry_civil_slaughter, layout_small_grid
Lair:1:   kb_forest_paths, layout_chaotic_city, gammafunk_lair_bear_cave
Lair:2:   wander_river, layout_loops_ring, dummy_snake_entry
Lair:3:   layout_long_grid, skrybe_swamp_entry_bodies, columned_hall_lemuel,
          hellmonk_guarded_unrand_seven_league_boots, uniq_amaemon
Lair:4:   layout_cave_pods, nicolae_slime_entry_field_trip,
          serial_bayou_shore_b, uniq_snorg
Lair:5:   gammafunk_lair_ancient_temple, layout_hall_layers, wad_woods_01
Swamp:1:  layout_falls_marsh, evilmike_swamp_ruin_house_3, swamp_pool2,
          nicolae_swamp_bean_lake
Swamp:2:  layout_basic_swamp, evilmike_swamp_ruin_house_5, swamp_pool5
Swamp:3:  layout_basic_swamp, nicolae_swamp_dense_foliage, swamp_pool2,
          infiniplex_staircase_pool_2
Swamp:4:  nzn_swamp_witches_coven, layout_basic_swamp
Snake:1:  layout_chambers, nicolae_shop_vocational, minmay_shop_star,
          serial_bayou_shore_b
Snake:2:  layout_rooms
Snake:3:  layout_concentric_octagons, basic_altar, uniq_aizul
Snake:4:  johnstein_snake_rune_scales, layout_basic, gammafunk_ghost_necromancy
Orc:1:    lemuel_ogre_cave, layout_caves, portal_ice_cave_entry_pillars_2,
          serial_shops, nicolae_shop_stone
Orc:2:    st_orc_open, layout_diamond_mine, bh_open_orc_temple, uniq_saint_roka
Elf:1:    nicolae_elf_arrival_fired_up, layout_gridlike, serial_shops, shop,
          minmay_elf_crystal_heptagon
Elf:2:    nicolae_elf_blades_crystal_corner, layout_geoelf_grid
Elf:3:    minmay_elf_hall_x, layout_loops_corners, grunt_megastairs_1
Vaults:1: mu_enter_wizlab_5, v_alt_pattern_1,
          nicolae_vaults_trapezoid_lopsided_3, vaults_room_semicircle,
          nicolae_vaults_shipping_containers_4, serial_ice_h, v_misc_26,
          nicolae_vaults_yaktaur_gun_rack, vaults_room_grid,
          nicolae_vaults_stepped_doors, layout_vaults_omnigrid, serial_shops,
          bzr_entry_road
Vaults:2: nicolae_vaults_shrinking_rooms_2, nicolae_vaults_trapezoid_lopsided_2,
          nicolae_vaults_twisting_passages, ontoclasm_vaults_twist,
          nicolae_vaults_diamond_1, hangedman_vaults_restitches, v_misc_26,
          nicolae_vaults_mini_display_case, nicolae_vaults_house_3,
          nicolae_vaults_heart-shaped_vault,
          nicolae_vaults_offset_grid_hallway_2, layout_vaults_maze_bifur,
          serial_shops, nicolae_shop_tiny_glass
Vaults:3: biasface_ghost_orc_armoury, ontoclasm_vaults_hangar,
          ontoclasm_vaults_chip, st_lattice, v_misc_23, v_rooms_3,
          v_alt_pattern_6, nicolae_vaults_diamond_1, nicolae_vaults_network_s,
          nicolae_vaults_alarming, vaults_room_hallway,
          ontoclasm_vaults_ring_small, layout_vaults_big_room,
          minmay_crypt_entry_simple_walls, serial_shops, shop
Vaults:4: vaults_mumra_hexcomb, nicolae_vaults_know_your_exits,
          nicolae_vaults_trapezoid_1, vaults_room_fours, v_rooms_1,
          hangedman_vaults_impose, nicolae_vaults_angled_halls,
          nicolae_vaults_tetromino_T_1, nicolae_vaults_trapezoid_lopsided_1,
          nicolae_vaults_offset_grid_hallway_3, v_misc_29,
          nicolae_vaults_network_periphery, hangedman_vaults_capsules,
          nicolae_vaults_inception_statues, layout_vaults_omnibox
Vaults:5
Depths:1: lemuel_traditional_vault, layout_gridlike, enter_ziggurat_a,
          grunt_hell_entry_dis_grunt, chequers_hall_statues_wall_a,
          minmay_fractal_squares_diagonal_5
Depths:2: minmay_outward_triangles, layout_cave_pools, infiniplex_staircase_x,
          rand_demon_pan_entry_8, hell_entry, abyss_entry_crystal,
          grunt_decor_clamped, grunt_megastairs_5
Depths:3: lemuel_river_lethe, hell_entry, abyss_entry, pan_entry
Depths:4: grunt_zot_entry_bicorn, layout_honeycomb, hell_entry,
          nicolae_vehumet_radiance, abandoned_shop
Zot:1:    kennysheep_blocky_hall, layout_twisted_circle, drop_trap
Zot:2:    layout_basic, nrook_zot_tub, uniq_tiamat
Zot:3:    layout_onion_interference, lemuel_baited_zot_trap,
          nicolae_diode_quadrants, grunt_megastairs_4
Zot:4:    layout_cathedral_of_symmetry, zot_minivault_4
Zot:5:    layout_gridlike

Skill      XL: |  1  2  3  4  5  6  7  8  9 10 11 12 13 14 15 16 17 18 19 20 21 22 23 |
---------------+----------------------------------------------------------------------+-----
Stealth        | 2 3 5 6 |  6.3
Summonings     | 2 4 5 7 |  7.0
Spellcasting   | 2 3 4 6 |  6.0
Hexes          | 3 5 |  5.0
Dodging        | 7 10 11 13 15 18 19 20 | 20.8
Fighting       | 5 7 10 12 13 14 15 17 18 20 | 20.8
Unarmed Combat | 4 8 11 12 13 15 16 18 20 | 20.8
Ice Magic      | 3 8 9 12 | 12.0
Evocations     | 4 7 10 12 15 17 | 17.3
Shapeshifting  | 10 12 14 18 19 | 19.0
Translocations | 8 |  8.0

Action                     |  1- 3 |  4- 6 |  7- 9 | 10-12 | 13-15 | 16-18 | 19-21 | 22-24 || total
---------------------------+-------+-------+-------+-------+-------+-------+-------+-------++-------
  Melee: Unarmed           |   134 |    65 |   212 |   600 |  1188 |  1375 |  1606 |   886 ||  6066
         Bite              |    12 |     3 |    25 |    79 |   169 |   228 |   326 |   174 ||  1016
         Punch             |     1 |       |     7 |    51 |   106 |   174 |   316 |   165 ||   820
         Constrict         |       |       |       |       |    33 |       |       |       ||    33
   Cast: Summon Small Mamm |    12 |    55 |    18 |     5 |       |       |       |       ||    90
         Call Canine Famil |       |     8 |    43 |    70 |    90 |     2 |     3 |       ||   216
         Summon Guardian G |       |     1 |    19 |    19 |    36 |     3 |       |       ||    78
         Ozocubu's Armour  |       |       |       |    24 |    86 |    92 |    71 |    43 ||   316
         Frozen Ramparts   |       |       |       |    21 |    57 |    10 |     5 |    15 ||   108
         Lesser Beckoning  |       |       |       |       |       |   100 |   146 |   161 ||   407
         Passwall          |       |       |       |       |       |     1 |     1 |     1 ||     3
         Blink             |       |       |       |       |       |     3 |     2 |     2 ||     7
Ability: Begin Untransform |       |       |       |       |     1 |       |       |       ||     1
  Evoke: Wand              |       |       |       |       |    10 |     3 |       |    16 ||    29
         Phantom mirror    |       |       |       |       |     1 |       |     2 |       ||     3
         Lightning rod     |       |       |       |       |       |       |       |     4 ||     4
         Tin of tremorston |       |       |       |       |       |       |       |     2 ||     2
         Sack of spiders   |       |       |       |       |       |       |       |     1 ||     1
    Use: Scroll            |     3 |     5 |     3 |     3 |    14 |     1 |     4 |    16 ||    49
         Potion            |     1 |       |     1 |     3 |    12 |     6 |     3 |     8 ||    34
   Stab: Sleeping          |     5 |     4 |     1 |     6 |    12 |    13 |     9 |     2 ||    52
         Distracted        |     1 |       |     4 |     8 |     7 |     7 |     1 |     1 ||    29
         Confused          |       |       |       |       |     8 |     4 |    10 |       ||    22
         Invisible         |       |       |       |       |     7 |       |    10 |       ||    17
         Petrifying        |       |       |       |       |     1 |       |       |       ||     1
         Paralysed         |       |       |       |       |       |     1 |       |       ||     1
         Petrified         |       |       |       |       |       |       |     4 |       ||     4
         Betrayed ally     |       |       |       |       |       |       |       |     1 ||     1
 Armour: Skin              |    30 |    23 |    72 |   204 |   460 |   381 |   396 |   169 ||  1735
  Dodge: Dodged            |    94 |    58 |   200 |   625 |  1187 |  1685 |  1578 |   800 ||  6227
  Block: Other             |       |       |       |       |       |       |   171 |    77 ||   248
   Form: Anaconda          |       |       |       |       |     3 |       |       |       ||     3
                           |       |       |       |       |     2 |       |       |       ||     2
         Blade             |       |       |       |       |     1 |       |       |       ||     1

Table legend: (Time is in decaauts)
 A = Elapsed time spent in this place.
 B = Non-inter-level travel time spent in this place.
 C = Inter-level travel time spent in this place.
 D = Time resting spent in this place.
 E = Time spent auto-exploring this place.
 F = Levels seen in this place.
 G = Mean time per level.
                   A        B        C        D        E       F      G
               +--------+--------+--------+--------+--------+-----+--------+
         Total |  43549 |  39406 |   4143 |   4058 |  21586 |  51 |  853.9 |
       Dungeon |  15741 |  13900 |   1841 |   1453 |   8070 |  15 | 1049.4 |
          Lair |   5053 |   4410 |    643 |    273 |   2562 |   5 | 1010.6 |
         Swamp |   2806 |   2688 |    118 |     32 |   1576 |   4 |  701.5 |
     Snake Pit |   3979 |   3570 |    409 |    331 |   2131 |   4 |  994.8 |
  Orcish Mines |   2604 |   2367 |    237 |    919 |    703 |   2 | 1302.0 |
   Elven Halls |   2532 |   2261 |    271 |    100 |   1266 |   3 |  844.0 |
        Vaults |   6480 |   6098 |    382 |    283 |   3636 |   5 | 1296.0 |
        Depths |   3529 |   3341 |    188 |    533 |   1615 |   4 |  882.2 |
           Zot |    461 |    412 |     49 |      0 |     23 |   5 |   92.2 |
        Bazaar |     29 |     29 |      0 |      0 |      0 |   1 |   29.0 |
         Sewer |      5 |      5 |      0 |      0 |      0 |   1 |    5.0 |
      Ice Cave |    316 |    316 |      0 |    131 |      0 |   1 |  316.0 |
        Wizlab |     10 |     10 |      0 |      0 |      0 |   1 |   10.0 |
               +--------+--------+--------+--------+--------+-----+--------+

Top non-repeatable levels by time:
   Orc:2: 1957 daAuts
Vaults:5: 1857 daAuts
     D:5: 1633 daAuts
    D:14: 1620 daAuts
 Snake:4: 1563 daAuts
     D:9: 1494 daAuts
    D:13: 1482 daAuts
Vaults:3: 1472 daAuts
Depths:4: 1276 daAuts
Depths:1: 1199 daAuts
  Lair:1: 1195 daAuts
Vaults:4: 1180 daAuts
 Swamp:4: 1121 daAuts
  Lair:3: 1103 daAuts
   Elf:3: 1089 daAuts

Table legend:
 A = Kills in this place as a percentage of kills in the entire game.
 B = Kills by you in this place as a percentage of kills by you in the entire game.
 C = Kills by friends in this place as a percentage of kills by friends in the entire game.
 D = Other kills in this place as a percentage of other kills in the entire game.
 E = Experience gained in this place as a percentage of experience gained in the entire game.
 F = Experience gained in this place divided by the number of levels of this place that you have seen.
                   A       B       C       D       E      F
               +-------+-------+-------+-------+-------+----------------------
         Total | 100.0 | 100.0 | 100.0 | 100.0 | 100.0 | 18684.4
       Dungeon |  23.0 |  17.8 |  67.0 |  63.0 |   7.0 | 4452.1
          Lair |   9.6 |   9.6 |  11.7 |   7.6 |   4.9 | 9428.4
         Swamp |   7.9 |   8.7 |   1.0 |   2.2 |   8.8 | 21068.8
     Snake Pit |   9.3 |  10.1 |   0.0 |   5.4 |   9.1 | 21623.0
  Orcish Mines |   5.7 |   5.3 |   7.8 |   8.7 |   2.3 | 10800.0
   Elven Halls |   8.9 |   9.9 |   0.0 |   3.3 |  12.2 | 38780.3
        Vaults |  22.5 |  24.6 |   8.7 |   2.2 |  32.4 | 61837.4
        Depths |  10.5 |  11.6 |   1.0 |   1.1 |  18.9 | 44975.2
           Zot |   2.2 |   2.1 |   2.9 |   3.3 |   4.1 | 7887.8
      Ice Cave |   0.4 |   0.3 |   0.0 |   3.3 |   0.2 | 1745.0
               +-------+-------+-------+-------+-------+----------------------
